Workbook
Name rngExpenses: 'Named Ranges'!$B$4:$B$15
Name rngPctChange: 'Named Ranges'!$F$3
Name rngSplit: 'Named Ranges'!$F$4
Name Slicer_Customer_Name: #N/A

Sheet Welcome

Sheet TOC
A1: 11222B3
B2: 19 Advanced Excel Shortcuts
B3: 1 | C3: =HYPERLINK('Pivot Table'!A1, "Hide or Filter Out Pivot Items") -> Hide or Filter Out Pivot Items
B4: 2 | C4: =HYPERLINK(Grouping!A1, "Group Rows and Columns") -> Group Rows and Columns
B5: 3 | C5: =HYPERLINK('Visible Cells'!A1, "Select Visible Cells") -> Select Visible Cells
B6: 4 | C6: =HYPERLINK(Navigation!A1, "Show Active Cell") -> Show Active Cell
B7: 5 | C7: =HYPERLINK(Navigation!A1, "Select Corners of Selected Range") -> Select Corners of Selected Range
B8: 6 | C8: =HYPERLINK(Navigation!A1, "Open Go To Window") -> Open Go To Window
B9: 7 | C9: =HYPERLINK('Find Next'!A1, "Find Next Match") -> Find Next Match
B10: 8 | C10: =HYPERLINK('Copying Data'!A1, "Enter Formula/Value in All Selected Cells") -> Enter Formula/Value in All Selected Cells
B11: 9 | C11: =HYPERLINK('Copying Data'!A1, "Fill Down/Right") -> Fill Down/Right
B12: 10 | C12: =HYPERLINK('Formula Text'!A1, "Copy Formula Text From Above") -> Copy Formula Text From Above
B13: 11 | C13: =HYPERLINK('Line Break'!A1, "Enter Line Break in Cell") -> Enter Line Break in Cell
B14: 12 | C14: =HYPERLINK('Cell Styles'!A1, "Modify Cell Style") -> Modify Cell Style
B15: 13 | C15: =HYPERLINK('Column Differences'!A1, "Select Column Differences") -> Select Column Differences
B16: 14 | C16: =HYPERLINK('Formula Dependents'!A1, "Select Precedents/Dependents") -> Select Precedents/Dependents
B17: 15 | C17: =HYPERLINK('Named Ranges'!A1, "Name Manager") -> Name Manager
B18: 16 | C18: =HYPERLINK('Formula Bar'!A1, "Hide Ribbon") -> Hide Ribbon
B19: 17 | C19: =HYPERLINK('Formula Bar'!A1, "Expand/Collapse Formula Bar - Ctrl+Shift+U") -> Expand/Collapse Formula Bar - Ctrl+Shift+U
B20: 18 | C20: =HYPERLINK(Autofit!A1, "Autofit Column Width") -> Autofit Column Width
B21: 19 | C21: =HYPERLINK('Selection Pane'!A1, "Open selection pane") -> Open selection pane
C23: Post & Video:
C24: https://www.excelcampus.com/keyboard-shortcuts/advanced-excel-shortcuts/

Sheet Pivot Table
A3: Category | B3: Sum of Revenue
A4: Baked Goods & Mixes | B4: 19053.6
A5: Beverages | B5: 110577.11
A6: Candy | B6: 17837.25
A7: Canned Meat | B7: 25465.6
A8: Fruit & Veg | B8: 6942
A9: Grains | B9: 2884
A10: Jams, Preserves | B10: 51541
A11: Oil | B11: 13322.4
A12: Pasta | B12: 20176.5
A13: Sauces | B13: 69000
A14: Soups | B14: 16829.6
A15: Grand Total | B15: 353629.06

Sheet Grouping
A1: The ABC Company
A2: Detailed Income Statement
A3: Group: West
A4: Southwest Region
B6: Jan | C6: Feb | D6: Mar | E6: Apr | F6: May | G6: Jun | H6: Jul | I6: Aug | J6: Sep | K6: Oct | L6: Nov | M6: Dec | N6: Q1 | O6: Q2 | P6: Q3 | Q6: Q4 | R6: YTD
A7: Revenue:
A8: A Revenue | B8: 181935 | C8: 245987 | D8: 151307 | E8: 84503 | F8: 214316 | G8: 55659 | H8: 176141 | I8: 177561 | J8: 77100 | K8: 162940 | L8: 184537 | M8: 209476 | N8: =SUM(B8:D8) -> 579229 | O8: =SUM(E8:G8) -> 354478 | P8: =SUM(H8:J8) -> 430802 | Q8: =SUM(K8:M8) -> 556953 | R8: =SUM(B8:M8) -> 1921462
A9: B Revenue | B9: 116701 | C9: 236988 | D9: 239218 | E9: 64445 | F9: 111504 | G9: 133461 | H9: 245566 | I9: 229791 | J9: 90365 | K9: 139923 | L9: 128754 | M9: 201820 | N9: =SUM(B9:D9) -> 592907 | O9: =SUM(E9:G9) -> 309410 | P9: =SUM(H9:J9) -> 565722 | Q9: =SUM(K9:M9) -> 470497 | R9: =SUM(B9:M9) -> 1938536
A10: C Revenue | B10: 153462 | C10: 104040 | D10: 147019 | E10: 137243 | F10: 60928 | G10: 94216 | H10: 130567 | I10: 133992 | J10: 162483 | K10: 165731 | L10: 130116 | M10: 182264 | N10: =SUM(B10:D10) -> 404521 | O10: =SUM(E10:G10) -> 292387 | P10: =SUM(H10:J10) -> 427042 | Q10: =SUM(K10:M10) -> 478111 | R10: =SUM(B10:M10) -> 1602061
A11: Total Revenue | B11: =SUM(B8:B10) -> 452098 | C11: =SUM(C8:C10) -> 587015 | D11: =SUM(D8:D10) -> 537544 | E11: =SUM(E8:E10) -> 286191 | F11: =SUM(F8:F10) -> 386748 | G11: =SUM(G8:G10) -> 283336 | H11: =SUM(H8:H10) -> 552274 | I11: =SUM(I8:I10) -> 541344 | ... R11: =SUM(R8:R10) -> 5462059
A13: Cost of Goods Sold:
A14: A Costs
A15: A1 Costs | B15: 54877 | C15: 64186 | D15: 33146 | E15: 54186 | F15: 25597 | G15: 37586 | H15: 62650 | I15: 50542 | J15: 36624 | K15: 49103 | L15: 43024 | M15: 26156 | N15: =SUM(B15:D15) -> 152209 | O15: =SUM(E15:G15) -> 117369 | P15: =SUM(H15:J15) -> 149816 | Q15: =SUM(K15:M15) -> 118283 | R15: =SUM(B15:M15) -> 537677
A16: A2 Costs | B16: 34513 | C16: 32675 | D16: 45412 | E16: 61204 | F16: 60562 | G16: 44514 | H16: 64880 | I16: 45959 | J16: 36403 | K16: 55828 | L16: 48057 | M16: 29836 | N16: =SUM(B16:D16) -> 112600 | O16: =SUM(E16:G16) -> 166280 | P16: =SUM(H16:J16) -> 147242 | Q16: =SUM(K16:M16) -> 133721 | R16: =SUM(B16:M16) -> 559843
A17: Total A Costs | B17: =SUM(B15:B16) -> 89390 | C17: =SUM(C15:C16) -> 96861 | D17: =SUM(D15:D16) -> 78558 | E17: =SUM(E15:E16) -> 115390 | F17: =SUM(F15:F16) -> 86159 | G17: =SUM(G15:G16) -> 82100 | H17: =SUM(H15:H16) -> 127530 | I17: =SUM(I15:I16) -> 96501 | ... M17: =SUM(M15:M16) -> 55992 | N17: =SUM(B17:D17) -> 264809 | O17: =SUM(E17:G17) -> 283649 | P17: =SUM(H17:J17) -> 297058 | Q17: =SUM(K17:M17) -> 252004 | R17: =SUM(B17:M17) -> 1097520
A18: B Costs | B18: 28883 | C18: 62964 | D18: 56910 | E18: 53012 | F18: 38844 | G18: 27714 | H18: 35362 | I18: 60445 | J18: 48619 | K18: 53144 | L18: 62440 | M18: 26753 | N18: =SUM(B18:D18) -> 148757 | O18: =SUM(E18:G18) -> 119570 | P18: =SUM(H18:J18) -> 144426 | Q18: =SUM(K18:M18) -> 142337 | R18: =SUM(B18:M18) -> 555090
A19: C Costs | B19: 53850 | C19: 53902 | D19: 45950 | E19: 33573 | F19: 25065 | G19: 55689 | H19: 28584 | I19: 44669 | J19: 63099 | K19: 32213 | L19: 60240 | M19: 46916 | N19: =SUM(B19:D19) -> 153702 | O19: =SUM(E19:G19) -> 114327 | P19: =SUM(H19:J19) -> 136352 | Q19: =SUM(K19:M19) -> 139369 | R19: =SUM(B19:M19) -> 543750
A20: Total COGS | B20: =SUM(B17:B19) -> 172123 | C20: =SUM(C17:C19) -> 213727 | D20: =SUM(D17:D19) -> 181418 | E20: =SUM(E17:E19) -> 201975 | F20: =SUM(F17:F19) -> 150068 | G20: =SUM(G17:G19) -> 165503 | H20: =SUM(H17:H19) -> 191476 | I20: =SUM(I17:I19) -> 201615 | ... R20: =SUM(R17:R19) -> 2196360
A22: Total Gross Profit | B22: =B11-B20 -> 279975 | C22: =C11-C20 -> 373288 | D22: =D11-D20 -> 356126 | E22: =E11-E20 -> 84216 | F22: =F11-F20 -> 236680 | G22: =G11-G20 -> 117833 | H22: =H11-H20 -> 360798 | I22: =I11-I20 -> 339729 | ... R22: =R11-R20 -> 3265699
A24: Operating Expenses:
A25: Sales & Marketing | B25: 54964 | C25: 29502 | D25: 37246 | E25: 27591 | F25: 57762 | G25: 54051 | H25: 31610 | I25: 61687 | J25: 53060 | K25: 35915 | L25: 43956 | M25: 64225 | N25: =SUM(B26:D26) -> 117176 | O25: =SUM(E26:G26) -> 147705 | P25: =SUM(H26:J26) -> 142368 | Q25: =SUM(K26:M26) -> 138196 | R25: =SUM(B26:M26) -> 545445
A26: G&A | B26: 50680 | C26: 36096 | D26: 30400 | E26: 60898 | F26: 31929 | G26: 54878 | H26: 47031 | I26: 41026 | J26: 54311 | K26: 36958 | L26: 59639 | M26: 41599 | N26: =SUM(B25:D25) -> 121712 | O26: =SUM(E25:G25) -> 139404 | P26: =SUM(H25:J25) -> 146357 | Q26: =SUM(K25:M25) -> 144096 | R26: =SUM(B25:M25) -> 551569
A27: R&D | B27: 52762 | C27: 41443 | D27: 25189 | E27: 48823 | F27: 32962 | G27: 30985 | H27: 29320 | I27: 56586 | J27: 30542 | K27: 59748 | L27: 41479 | M27: 53827 | N27: =SUM(B27:D27) -> 119394 | O27: =SUM(E27:G27) -> 112770 | P27: =SUM(H27:J27) -> 116448 | Q27: =SUM(K27:M27) -> 155054 | R27: =SUM(B27:M27) -> 503666
A28: Total Operating Expenses | B28: =SUM(B25:B27) -> 158406 | C28: =SUM(C25:C27) -> 107041 | D28: =SUM(D25:D27) -> 92835 | E28: =SUM(E25:E27) -> 137312 | F28: =SUM(F25:F27) -> 122653 | G28: =SUM(G25:G27) -> 139914 | H28: =SUM(H25:H27) -> 107961 | I28: =SUM(I25:I27) -> 159299 | ... R28: =SUM(R25:R27) -> 1600680
A30: Total Net Income | B30: =B22-B28 -> 121569 | C30: =C22-C28 -> 266247 | D30: =D22-D28 -> 263291 | E30: =E22-E28 -> -53096 | F30: =F22-F28 -> 114027 | G30: =G22-G28 -> -22081 | H30: =H22-H28 -> 252837 | I30: =I22-I28 -> 180430 | ... R30: =R22-R28 -> 1665019

Sheet Visible Cells
A1: Trans ID | B1: Date | C1: Customer | D1: Region | E1: Product | F1: Revenue
A2: 10013388 | B2: 41640 | C2: Customer A | D2: South | E2: Product 7 | F2: 9710.77
A3: 10012670 | B3: 41641 | C3: Customer E | D3: West | E3: Product 1 | F3: 2643.85
A4: 10013647 | B4: 41644 | C4: Customer A | D4: West | E4: Product 7 | F4: 2949.55
A5: 10012794 | B5: 41645 | C5: Customer F | D5: West | E5: Product 2 | F5: 3922.78
A6: 10012736 | B6: 41648 | C6: Customer F | D6: South | E6: Product 1 | F6: 7804.19
A7: 10013325 | B7: 41648 | C7: Customer B | D7: North | E7: Product 7 | F7: 2955.25
A8: 10012869 | B8: 41650 | C8: Customer B | D8: North | E8: Product 3 | F8: 671.55
A9: 10013155 | B9: 41650 | C9: Customer B | D9: South | E9: Product 5 | F9: 5654.36
A10: 10013326 | B10: 41650 | C10: Customer A | D10: East | E10: Product 7 | F10: 2980.64
A11: 10013275 | B11: 41651 | C11: Customer F | D11: North | E11: Product 6 | F11: 7820.45
A12: 10013528 | B12: 41652 | C12: Customer D | D12: North | E12: Product 9 | F12: 2386.04
A13: 10012876 | B13: 41653 | C13: Customer C | D13: South | E13: Product 3 | F13: 1625.08
... A16: 10013475 | B16: 41659 | C16: Customer D | D16: West | E16: Product 8 | F16: 7899.72

Sheet Navigation
A1: Trans ID | B1: Date | C1: Customer | D1: Region | E1: Product | F1: Revenue
A2: 10013388 | B2: 41640 | C2: Customer A | D2: South | E2: Product 7 | F2: 9710.77
A3: 10012670 | B3: 41641 | C3: Customer E | D3: West | E3: Product 1 | F3: 2643.85
A4: 10013647 | B4: 41644 | C4: Customer A | D4: West | F4: 2949.55
A5: 10012794 | B5: 41645 | C5: Customer F | D5: West | E5: Product 2 | F5: 3922.78
A6: 10012736 | B6: 41648 | C6: Customer F | D6: South | E6: Product 1 | F6: 7804.19
A7: 10013325 | B7: 41648 | C7: Customer B | D7: North | E7: Product 7 | F7: 2955.25
A8: 10012869 | B8: 41650 | C8: Customer B | D8: North | E8: Product 3 | F8: 671.55
A9: 10013155 | B9: 41650 | C9: Customer B | D9: South | E9: Product 5 | F9: 5654.36
A10: 10013326 | B10: 41650 | C10: Customer A | D10: East | E10: Product 7 | F10: 2980.64
A11: 10013275 | B11: 41651 | C11: Customer F | D11: North | E11: Product 6 | F11: 7820.45
A12: 10013528 | B12: 41652 | C12: Customer D | D12: North | E12: Product 9 | F12: 2386.04
A13: 10012876 | B13: 41653 | C13: Customer C | D13: South | E13: Product 3 | F13: 1625.08
A14: 10013603 | B14: 41653 | C14: Customer A | D14: West | E14: Product 9 | F14: 8976.76
A15: 10012785 | B15: 41654 | C15: Customer B | D15: East | E15: Product 2 | F15: 3394.78
A16: 10013475 | B16: 41659 | C16: Customer D | D16: West | E16: Product 8 | F16: 7899.72
... A34: 10013373 | B34: 41680 | C34: Customer E | D34: South | E34: Product 7 | F34: 8021.68
A35: 10013634 | B35: 41680 | C35: Customer F | D35: North | F35: 1064.07
A36: 10013056 | B36: 41681 | C36: Customer B | D36: North | E36: Product 4 | F36: 6968.37
A37: 10012909 | B37: 41682 | C37: Customer C | D37: South | E37: Product 3 | F37: 4347.53
A38: 10012971 | B38: 41683 | C38: Customer C | D38: East | E38: Product 3 | F38: 9137.49
A39: 10012761 | B39: 41684 | C39: Customer F | D39: South | E39: Product 2 | F39: 645.05
A40: 10013029 | B40: 41684 | C40: Customer C | D40: North | E40: Product 4 | F40: 3915.11
A41: 10012695 | B41: 41686 | C41: Customer C | D41: East | E41: Product 1 | F41: 4941.27
A42: 10012850 | B42: 41687 | C42: Customer F | D42: North | E42: Product 2 | F42: 8806.81
A43: 10013082 | B43: 41687 | C43: Customer A | D43: East | E43: Product 4 | F43: 9302.79
A44: 10013616 | B44: 41687 | C44: Customer A | D44: North | F44: 246.17
A45: 10012726 | B45: 41690 | C45: Customer D | D45: East | E45: Product 1 | F45: 7255.45
A46: 10013279 | B46: 41693 | C46: Customer C | D46: North | E46: Product 6 | F46: 8389.76
A47: 10013621 | B47: 41693 | C47: Customer F | D47: South | F47: 518.32
A48: 10012843 | B48: 41694 | C48: Customer B | D48: North | E48: Product 2 | F48: 8410.98
A49: 10012866 | B49: 41694 | C49: Customer B | D49: North | E49: Product 3 | F49: 563.15
A50: 10013640 | B50: 41694 | C50: Customer E | D50: South | F50: 1201.02
A51: 10012870 | B51: 41695 | C51: Customer F | D51: South | E51: Product 3 | F51: 737.98
A52: 10013099 | B52: 41697 | C52: Customer A | D52: South | E52: Product 5 | F52: 1009.23
A53: 10013273 | B53: 41697 | C53: Customer F | D53: West | E53: Product 6 | F53: 7412.78
A54: 10012771 | B54: 41700 | C54: Customer F | D54: North | E54: Product 2 | F54: 1575.1
A55: 10013080 | B55: 41700 | C55: Customer A | D55: North | E55: Product 4 | F55: 9175.81
A56: 10013023 | B56: 41703 | C56: Customer A | D56: East | E56: Product 4 | F56: 3301.12
A57: 10013346 | B57: 41704 | C57: Customer B | D57: East | E57: Product 7 | F57: 5152.85
A58: 10012741 | B58: 41706 | C58: Customer F | D58: North | E58: Product 1 | F58: 9080.66
A59: 10013118 | B59: 41707 | C59: Customer E | D59: East | E59: Product 5 | F59: 2938.46
A60: 10013130 | B60: 41707 | C60: Customer B | D60: East | E60: Product 5 | F60: 3729.01
A61: 10012845 | B61: 41708 | C61: Customer D | D61: West | E61: Product 2 | F61: 8578.51
A62: 10013303 | B62: 41709 | C62: Customer B | D62: South | E62: Product 7 | F62: 1039.75
... A71: 10013040 | B71: 41721 | C71: Customer B | D71: East | E71: Product 4 | F71: 5593.77
A72: 10013623 | B72: 41724 | C72: Customer C | D72: West | F72: 542.81
A73: 10013097 | B73: 41732 | C73: Customer D | D73: East | E73: Product 5 | F73: 746.38
A74: 10013467 | B74: 41733 | C74: Customer D | D74: West | E74: Product 8 | F74: 7219.08
A75: 10013193 | B75: 41734 | C75: Customer E | D75: South | E75: Product 6 | F75: 372.53
A76: 10013624 | B76: 41734 | C76: Customer F | D76: South | F76: 560.27
A77: 10013104 | B77: 41735 | C77: Customer E | D77: East | E77: Product 5 | F77: 1623.56
A78: 10013134 | B78: 41735 | C78: Customer B | D78: East | E78: Product 5 | F78: 4010.03
A79: 10012763 | B79: 41736 | C79: Customer E | D79: East | E79: Product 2 | F79: 690.15
A80: 10012693 | B80: 41737 | C80: Customer D | D80: East | E80: Product 1 | F80: 4816.45
A81: 10012818 | B81: 41737 | C81: Customer E | D81: West | E81: Product 2 | F81: 6072.31
A82: 10012884 | B82: 41740 | C82: Customer A | D82: East | E82: Product 3 | F82: 2377.51
A83: 10012928 | B83: 41740 | C83: Customer C | D83: West | E83: Product 3 | F83: 5838.37
A84: 10013102 | B84: 41744 | C84: Customer E | D84: West | E84: Product 5 | F84: 1254.17
A85: 10013341 | B85: 41744 | C85: Customer C | D85: West | E85: Product 7 | F85: 4470.06
A86: 10013138 | B86: 41746 | C86: Customer B | D86: West | E86: Product 5 | F86: 4166.49
A87: 10012913 | B87: 41747 | C87: Customer B | D87: South | E87: Product 3 | F87: 4502.88
A88: 10013548 | B88: 41748 | C88: Customer C | D88: East | E88: Product 9 | F88: 3655.06
... A128: 10012897 | B128: 41820 | C128: Customer E | D128: West | E128: Product 3 | F128: 3694.39
A129: 10013630 | B129: 41822 | C129: Customer E | D129: West | F129: 837.35
A130: 10013456 | B130: 41823 | C130: Customer C | D130: North | E130: Product 8 | F130: 6122.47
A131: 10013386 | B131: 41824 | C131: Customer D | D131: South | E131: Product 7 | F131: 9223.18
A132: 10013084 | B132: 41828 | C132: Customer F | D132: West | E132: Product 4 | F132: 9430.85
A133: 10013310 | B133: 41828 | C133: Customer D | D133: North | E133: Product 7 | F133: 2009.98
A134: 10013100 | B134: 41831 | C134: Customer E | D134: West | E134: Product 5 | F134: 1052.4
A135: 10013059 | B135: 41833 | C135: Customer C | D135: West | E135: Product 4 | F135: 7348.9
A136: 10013255 | B136: 41833 | C136: Customer C | D136: East | E136: Product 6 | F136: 5933.34
A137: 10012893 | B137: 41834 | C137: Customer A | D137: South | E137: Product 3 | F137: 3501.54
A138: 10013113 | B138: 41834 | C138: Customer A | D138: North | E138: Product 5 | F138: 2553.8
A139: 10013448 | B139: 41834 | C139: Customer D | D139: West | E139: Product 8 | F139: 5135.82
A140: 10012746 | B140: 41835 | C140: Customer A | D140: South | E140: Product 1 | F140: 9526.29
A141: 10013268 | B141: 41836 | C141: Customer A | D141: West | E141: Product 6 | F141: 6871.56
... A186: 10012755 | B186: 41894 | C186: Customer A | D186: West | E186: Product 1 | F186: 9967.79
A187: 10013637 | B187: 41898 | C187: Customer F | D187: East | F187: 1134.38
A188: 10013077 | B188: 41900 | C188: Customer C | D188: East | E188: Product 4 | F188: 8728.51
A189: 10013220 | B189: 41901 | C189: Customer F | D189: North | E189: Product 6 | F189: 2638.51
A190: 10013307 | B190: 41906 | C190: Customer A | D190: North | E190: Product 7 | F190: 1641.68
A191: 10013529 | B191: 41910 | C191: Customer F | D191: South | E191: Product 9 | F191: 2386.2
A192: 10012679 | B192: 41911 | C192: Customer A | D192: North | E192: Product 1 | F192: 3540.64
A193: 10013506 | B193: 41913 | C193: Customer B | D193: West | E193: Product 9 | F193: 922.6
A194: 10012719 | B194: 41914 | C194: Customer D | D194: South | E194: Product 1 | F194: 6439.42
A195: 10013089 | B195: 41915 | C195: Customer D | D195: South | E195: Product 4 | F195: 9726.99
A196: 10012782 | B196: 41917 | C196: Customer E | D196: West | E196: Product 2 | F196: 2842.43
A197: 10013376 | B197: 41918 | C197: Customer C | D197: East | E197: Product 7 | F197: 8066.33
A198: 10012886 | B198: 41919 | C198: Customer E | D198: West | E198: Product 3 | F198: 2562.11
A199: 10013455 | B199: 41924 | C199: Customer E | D199: East | E199: Product 8 | F199: 6109.79
... A214: 10013278 | B214: 41945 | C214: Customer C | D214: East | E214: Product 6 | F214: 8343.37
A215: 10013629 | B215: 41946 | C215: Customer A | D215: South | F215: 817.69
A216: 10013411 | B216: 41949 | C216: Customer C | D216: North | E216: Product 8 | F216: 1969.57
A217: 10012718 | B217: 41952 | C217: Customer E | D217: West | E217: Product 1 | F217: 6422.53
A218: 10013000 | B218: 41952 | C218: Customer B | D218: South | E218: Product 4 | F218: 1771.52
A219: 10012922 | B219: 41955 | C219: Customer B | D219: North | E219: Product 3 | F219: 5230.83
A220: 10013030 | B220: 41957 | C220: Customer E | D220: North | E220: Product 4 | F220: 4066.91
A221: 10013096 | B221: 41957 | C221: Customer A | D221: North | E221: Product 5 | F221: 728.92
A222: 10013627 | B222: 41958 | C222: Customer F | D222: South | F222: 810.63
...

Sheet Find Next
A1: Trans ID | B1: Date | C1: Customer | D1: Region | E1: Product | F1: Revenue
A2: 10013388 | B2: 41640 | C2: Customer A | D2: South | E2: Product 7 | F2: 9710.77
A3: 10012670 | B3: 41641 | C3: Customer E | D3: West | E3: Product 1 | F3: 2643.85
A4: 10013647 | B4: 41644 | C4: Customer A | D4: West | F4: 2949.55
A5: 10012794 | B5: 41645 | C5: Customer F | D5: West | E5: Product 2 | F5: 3922.78
A6: 10012736 | B6: 41648 | C6: Customer F | D6: South | E6: Product 1 | F6: 7804.19
A7: 10013325 | B7: 41648 | C7: Customer B | D7: North | E7: Product 7 | F7: 2955.25
A8: 10012869 | B8: 41650 | C8: Customer B | D8: North | E8: Product 3 | F8: 671.55
A9: 10013155 | B9: 41650 | C9: Customer B | D9: South | E9: Product 5 | F9: 5654.36
A10: 10013326 | B10: 41650 | C10: Customer A | D10: East | E10: Product 7 | F10: 2980.64
A11: 10013275 | B11: 41651 | C11: Customer F | D11: North | E11: Product 6 | F11: 7820.45
A12: 10013528 | B12: 41652 | C12: Customer D | D12: North | E12: Product 9 | F12: 2386.04
A13: 10012876 | B13: 41653 | C13: Customer C | D13: South | E13: Product 3 | F13: 1625.08
A14: 10013603 | B14: 41653 | C14: Customer A | D14: West | E14: Product 9 | F14: 8976.76
A15: 10012785 | B15: 41654 | C15: Customer B | D15: East | E15: Product 2 | F15: 3394.78
A16: 10013475 | B16: 41659 | C16: Customer D | D16: West | E16: Product 8 | F16: 7899.72
... A34: 10013373 | B34: 41680 | C34: Customer E | D34: South | E34: Product 7 | F34: 8021.68
A35: 10013634 | B35: 41680 | C35: Customer F | D35: North | F35: 1064.07
A36: 10013056 | B36: 41681 | C36: Customer B | D36: North | E36: Product 4 | F36: 6968.37
A37: 10012909 | B37: 41682 | C37: Customer C | D37: South | E37: Product 3 | F37: 4347.53
A38: 10012971 | B38: 41683 | C38: Customer C | D38: East | E38: Product 3 | F38: 9137.49
A39: 10012761 | B39: 41684 | C39: Customer F | D39: South | E39: Product 2 | F39: 645.05
A40: 10013029 | B40: 41684 | C40: Customer C | D40: North | E40: Product 4 | F40: 3915.11
A41: 10012695 | B41: 41686 | C41: Customer C | D41: East | E41: Product 1 | F41: 4941.27
A42: 10012850 | B42: 41687 | C42: Customer F | D42: North | E42: Product 2 | F42: 8806.81
A43: 10013082 | B43: 41687 | C43: Customer A | D43: East | E43: Product 4 | F43: 9302.79
A44: 10013616 | B44: 41687 | C44: Customer A | D44: North | F44: 246.17
A45: 10012726 | B45: 41690 | C45: Customer D | D45: East | E45: Product 1 | F45: 7255.45
A46: 10013279 | B46: 41693 | C46: Customer C | D46: North | E46: Product 6 | F46: 8389.76
A47: 10013621 | B47: 41693 | C47: Customer F | D47: South | F47: 518.32
A48: 10012843 | B48: 41694 | C48: Customer B | D48: North | E48: Product 2 | F48: 8410.98
A49: 10012866 | B49: 41694 | C49: Customer B | D49: North | E49: Product 3 | F49: 563.15
A50: 10013640 | B50: 41694 | C50: Customer E | D50: South | F50: 1201.02
A51: 10012870 | B51: 41695 | C51: Customer F | D51: South | E51: Product 3 | F51: 737.98
A52: 10013099 | B52: 41697 | C52: Customer A | D52: South | E52: Product 5 | F52: 1009.23
A53: 10013273 | B53: 41697 | C53: Customer F | D53: West | E53: Product 6 | F53: 7412.78
A54: 10012771 | B54: 41700 | C54: Customer F | D54: North | E54: Product 2 | F54: 1575.1
A55: 10013080 | B55: 41700 | C55: Customer A | D55: North | E55: Product 4 | F55: 9175.81
A56: 10013023 | B56: 41703 | C56: Customer A | D56: East | E56: Product 4 | F56: 3301.12
A57: 10013346 | B57: 41704 | C57: Customer B | D57: East | E57: Product 7 | F57: 5152.85
A58: 10012741 | B58: 41706 | C58: Customer F | D58: North | E58: Product 1 | F58: 9080.66
A59: 10013118 | B59: 41707 | C59: Customer E | D59: East | E59: Product 5 | F59: 2938.46
A60: 10013130 | B60: 41707 | C60: Customer B | D60: East | E60: Product 5 | F60: 3729.01
A61: 10012845 | B61: 41708 | C61: Customer D | D61: West | E61: Product 2 | F61: 8578.51
A62: 10013303 | B62: 41709 | C62: Customer B | D62: South | E62: Product 7 | F62: 1039.75
... A71: 10013040 | B71: 41721 | C71: Customer B | D71: East | E71: Product 4 | F71: 5593.77
A72: 10013623 | B72: 41724 | C72: Customer C | D72: West | F72: 542.81
A73: 10013097 | B73: 41732 | C73: Customer D | D73: East | E73: Product 5 | F73: 746.38
A74: 10013467 | B74: 41733 | C74: Customer D | D74: West | E74: Product 8 | F74: 7219.08
A75: 10013193 | B75: 41734 | C75: Customer E | D75: South | E75: Product 6 | F75: 372.53
A76: 10013624 | B76: 41734 | C76: Customer F | D76: South | F76: 560.27
A77: 10013104 | B77: 41735 | C77: Customer E | D77: East | E77: Product 5 | F77: 1623.56
A78: 10013134 | B78: 41735 | C78: Customer B | D78: East | E78: Product 5 | F78: 4010.03
A79: 10012763 | B79: 41736 | C79: Customer E | D79: East | E79: Product 2 | F79: 690.15
A80: 10012693 | B80: 41737 | C80: Customer D | D80: East | E80: Product 1 | F80: 4816.45
A81: 10012818 | B81: 41737 | C81: Customer E | D81: West | E81: Product 2 | F81: 6072.31
A82: 10012884 | B82: 41740 | C82: Customer A | D82: East | E82: Product 3 | F82: 2377.51
A83: 10012928 | B83: 41740 | C83: Customer C | D83: West | E83: Product 3 | F83: 5838.37
A84: 10013102 | B84: 41744 | C84: Customer E | D84: West | E84: Product 5 | F84: 1254.17
A85: 10013341 | B85: 41744 | C85: Customer C | D85: West | E85: Product 7 | F85: 4470.06
A86: 10013138 | B86: 41746 | C86: Customer B | D86: West | E86: Product 5 | F86: 4166.49
A87: 10012913 | B87: 41747 | C87: Customer B | D87: South | E87: Product 3 | F87: 4502.88
A88: 10013548 | B88: 41748 | C88: Customer C | D88: East | E88: Product 9 | F88: 3655.06
... A128: 10012897 | B128: 41820 | C128: Customer E | D128: West | E128: Product 3 | F128: 3694.39
A129: 10013630 | B129: 41822 | C129: Customer E | D129: West | F129: 837.35
A130: 10013456 | B130: 41823 | C130: Customer C | D130: North | E130: Product 8 | F130: 6122.47
A131: 10013386 | B131: 41824 | C131: Customer D | D131: South | E131: Product 7 | F131: 9223.18
A132: 10013084 | B132: 41828 | C132: Customer F | D132: West | E132: Product 4 | F132: 9430.85
A133: 10013310 | B133: 41828 | C133: Customer D | D133: North | E133: Product 7 | F133: 2009.98
A134: 10013100 | B134: 41831 | C134: Customer E | D134: West | E134: Product 5 | F134: 1052.4
A135: 10013059 | B135: 41833 | C135: Customer C | D135: West | E135: Product 4 | F135: 7348.9
A136: 10013255 | B136: 41833 | C136: Customer C | D136: East | E136: Product 6 | F136: 5933.34
A137: 10012893 | B137: 41834 | C137: Customer A | D137: South | E137: Product 3 | F137: 3501.54
A138: 10013113 | B138: 41834 | C138: Customer A | D138: North | E138: Product 5 | F138: 2553.8
A139: 10013448 | B139: 41834 | C139: Customer D | D139: West | E139: Product 8 | F139: 5135.82
A140: 10012746 | B140: 41835 | C140: Customer A | D140: South | E140: Product 1 | F140: 9526.29
A141: 10013268 | B141: 41836 | C141: Customer A | D141: West | E141: Product 6 | F141: 6871.56
... A186: 10012755 | B186: 41894 | C186: Customer A | D186: West | E186: Product 1 | F186: 9967.79
A187: 10013637 | B187: 41898 | C187: Customer F | D187: East | F187: 1134.38
A188: 10013077 | B188: 41900 | C188: Customer C | D188: East | E188: Product 4 | F188: 8728.51
A189: 10013220 | B189: 41901 | C189: Customer F | D189: North | E189: Product 6 | F189: 2638.51
A190: 10013307 | B190: 41906 | C190: Customer A | D190: North | E190: Product 7 | F190: 1641.68
A191: 10013529 | B191: 41910 | C191: Customer F | D191: South | E191: Product 9 | F191: 2386.2
A192: 10012679 | B192: 41911 | C192: Customer A | D192: North | E192: Product 1 | F192: 3540.64
A193: 10013506 | B193: 41913 | C193: Customer B | D193: West | E193: Product 9 | F193: 922.6
A194: 10012719 | B194: 41914 | C194: Customer D | D194: South | E194: Product 1 | F194: 6439.42
A195: 10013089 | B195: 41915 | C195: Customer D | D195: South | E195: Product 4 | F195: 9726.99
A196: 10012782 | B196: 41917 | C196: Customer E | D196: West | E196: Product 2 | F196: 2842.43
A197: 10013376 | B197: 41918 | C197: Customer C | D197: East | E197: Product 7 | F197: 8066.33
A198: 10012886 | B198: 41919 | C198: Customer E | D198: West | E198: Product 3 | F198: 2562.11
A199: 10013455 | B199: 41924 | C199: Customer E | D199: East | E199: Product 8 | F199: 6109.79
... A214: 10013278 | B214: 41945 | C214: Customer C | D214: East | E214: Product 6 | F214: 8343.37
A215: 10013629 | B215: 41946 | C215: Customer A | D215: South | F215: 817.69
A216: 10013411 | B216: 41949 | C216: Customer C | D216: North | E216: Product 8 | F216: 1969.57
A217: 10012718 | B217: 41952 | C217: Customer E | D217: West | E217: Product 1 | F217: 6422.53
A218: 10013000 | B218: 41952 | C218: Customer B | D218: South | E218: Product 4 | F218: 1771.52
A219: 10012922 | B219: 41955 | C219: Customer B | D219: North | E219: Product 3 | F219: 5230.83
A220: 10013030 | B220: 41957 | C220: Customer E | D220: North | E220: Product 4 | F220: 4066.91
A221: 10013096 | B221: 41957 | C221: Customer A | D221: North | E221: Product 5 | F221: 728.92
A222: 10013627 | B222: 41958 | C222: Customer F | D222: South | F222: 810.63
...

Sheet Copying Data
A1: Date | B1: Product | C1: Qty | D1: Price | E1: Shipping | F1: Net Total | G1: Total
A2: 41640 | B2: Product 7 | C2: 7 | D2: 5 | E2: 6
A3: 41641 | B3: Product 1 | C3: 6 | D3: 6 | E3: 7
A4: 41644 | B4: Product 7 | C4: 9 | D4: 11 | E4: 9
A5: 41645 | B5: Product 2 | C5: 2 | D5: 15 | E5: 6
A6: 41648 | B6: Product 1 | C6: 4 | D6: 23 | E6: 8
A7: 41648 | B7: Product 7 | C7: 4 | D7: 9 | E7: 6
A8: 41650 | B8: Product 3 | C8: 7 | D8: 8 | E8: 7
A9: 41650 | B9: Product 5 | C9: 1 | D9: 6 | E9: 6
A10: 41650 | B10: Product 7 | C10: 1 | D10: 24 | E10: 6
A11: 41651 | B11: Product 6 | C11: 7 | D11: 6 | E11: 7
A12: 41652 | B12: Product 9 | C12: 10 | D12: 10 | E12: 10
A13: 41653 | B13: Product 3 | C13: 5 | D13: 24 | E13: 7
... A16: 41659 | B16: Product 8 | C16: 5 | D16: 11 | E16: 5

Sheet Formula Text
A1: Month | B1: Expenses
A2: Jan | B2: 5313
A3: Feb | B3: 5993
A4: Mar | B4: 7654
A5: Apr | B5: 5748
A6: May | B6: 7080
A7: Jun | B7: 6098
A8: Jul | B8: 7733
A9: Aug | B9: 5954
A10: Sep | B10: 7932
A11: Oct | B11: 7086
A12: Nov | B12: 6912
A13: Dec | B13: 5903
A14: Total | B14: =SUM(B2:B13) -> 79406

Sheet Line Break
A1: The ABC Company
A2: Detailed Income Statement
A3: Group: West
A4: Southwest Region | D4: 10
B6: Jan | C6: Feb | D6: Mar | E6: Apr | F6: May | G6: Jun | H6: Jul | I6: Aug | J6: Sep | K6: Oct | L6: Nov | M6: Dec | N6: Q1 | O6: Q2 | P6: Q3 | Q6: Q4 | R6: Forecast FY 2019
A7: Revenue:
A8: A Revenue | B8: 18193500 | C8: 24598700 | D8: 15130700 | E8: 8450300 | F8: 21431600 | G8: 5565900 | H8: 17614100 | I8: 17756100 | J8: 7710000 | K8: 16294000 | L8: 18453700 | M8: 20947600 | N8: =SUM(B8:D8) -> 57922900 | O8: =SUM(E8:G8) -> 35447800 | P8: =SUM(H8:J8) -> 43080200 | Q8: =SUM(K8:M8) -> 55695300 | R8: =SUM(B8:M8) -> 192146200
A9: B Revenue | B9: 116701 | C9: 236988 | D9: 239218 | E9: 64445 | F9: 111504 | G9: 133461 | H9: 245566 | I9: 229791 | J9: 90365 | K9: 139923 | L9: 128754 | M9: 201820 | N9: =SUM(B9:D9) -> 592907 | O9: =SUM(E9:G9) -> 309410 | P9: =SUM(H9:J9) -> 565722 | Q9: =SUM(K9:M9) -> 470497 | R9: =SUM(B9:M9) -> 1938536
A10: C Revenue | B10: 153462 | C10: 104040 | D10: 147019 | E10: 137243 | F10: 60928 | G10: 94216 | H10: 130567 | I10: 133992 | J10: 162483 | K10: 165731 | L10: 130116 | M10: 182264 | N10: =SUM(B10:D10) -> 404521 | O10: =SUM(E10:G10) -> 292387 | P10: =SUM(H10:J10) -> 427042 | Q10: =SUM(K10:M10) -> 478111 | R10: =SUM(B10:M10) -> 1602061
A11: Total Revenue | B11: =SUM(B8:B10) -> 18463663 | C11: =SUM(C8:C10) -> 24939728 | D11: =SUM(D8:D10) -> 15516937 | E11: =SUM(E8:E10) -> 8651988 | F11: =SUM(F8:F10) -> 21604032 | G11: =SUM(G8:G10) -> 5793577 | H11: =SUM(H8:H10) -> 17990233 | I11: =SUM(I8:I10) -> 18119883 | ... R11: =SUM(R8:R10) -> 195686797
A13: Cost of Goods Sold:
A14: A Costs
A15: A1 Costs | B15: 54877 | C15: 64186 | D15: 33146 | E15: 54186 | F15: 25597 | G15: 37586 | H15: 62650 | I15: 50542 | J15: 36624 | K15: 49103 | L15: 43024 | M15: 26156 | N15: =SUM(B15:D15) -> 152209 | O15: =SUM(E15:G15) -> 117369 | P15: =SUM(H15:J15) -> 149816 | Q15: =SUM(K15:M15) -> 118283 | R15: =SUM(B15:M15) -> 537677
A16: A2 Costs | B16: 34513 | C16: 32675 | D16: 45412 | E16: 61204 | F16: 60562 | G16: 44514 | H16: 64880 | I16: 45959 | J16: 36403 | K16: 55828 | L16: 48057 | M16: 29836 | N16: =SUM(B16:D16) -> 112600 | O16: =SUM(E16:G16) -> 166280 | P16: =SUM(H16:J16) -> 147242 | Q16: =SUM(K16:M16) -> 133721 | R16: =SUM(B16:M16) -> 559843
A17: Total A Costs | B17: =SUM(B15:B16) -> 89390 | C17: =SUM(C15:C16) -> 96861 | D17: =SUM(D15:D16) -> 78558 | E17: =SUM(E15:E16) -> 115390 | F17: =SUM(F15:F16) -> 86159 | G17: =SUM(G15:G16) -> 82100 | H17: =SUM(H15:H16) -> 127530 | I17: =SUM(I15:I16) -> 96501 | ... M17: =SUM(M15:M16) -> 55992 | N17: =SUM(B17:D17) -> 264809 | O17: =SUM(E17:G17) -> 283649 | P17: =SUM(H17:J17) -> 297058 | Q17: =SUM(K17:M17) -> 252004 | R17: =SUM(B17:M17) -> 1097520
A18: B Costs | B18: 28883 | C18: 62964 | D18: 56910 | E18: 53012 | F18: 38844 | G18: 27714 | H18: 35362 | I18: 60445 | J18: 48619 | K18: 53144 | L18: 62440 | M18: 26753 | N18: =SUM(B18:D18) -> 148757 | O18: =SUM(E18:G18) -> 119570 | P18: =SUM(H18:J18) -> 144426 | Q18: =SUM(K18:M18) -> 142337 | R18: =SUM(B18:M18) -> 555090
A19: C Costs | B19: 53850 | C19: 53902 | D19: 45950 | E19: 33573 | F19: 25065 | G19: 55689 | H19: 28584 | I19: 44669 | J19: 63099 | K19: 32213 | L19: 60240 | M19: 46916 | N19: =SUM(B19:D19) -> 153702 | O19: =SUM(E19:G19) -> 114327 | P19: =SUM(H19:J19) -> 136352 | Q19: =SUM(K19:M19) -> 139369 | R19: =SUM(B19:M19) -> 543750
A20: Total COGS | B20: =SUM(B17:B19) -> 172123 | C20: =SUM(C17:C19) -> 213727 | D20: =SUM(D17:D19) -> 181418 | E20: =SUM(E17:E19) -> 201975 | F20: =SUM(F17:F19) -> 150068 | G20: =SUM(G17:G19) -> 165503 | H20: =SUM(H17:H19) -> 191476 | I20: =SUM(I17:I19) -> 201615 | ... R20: =SUM(R17:R19) -> 2196360
A22: Total Gross Profit | B22: =B11-B20 -> 18291540 | C22: =C11-C20 -> 24726001 | D22: =D11-D20 -> 15335519 | E22: =E11-E20 -> 8450013 | F22: =F11-F20 -> 21453964 | G22: =G11-G20 -> 5628074 | H22: =H11-H20 -> 17798757 | I22: =I11-I20 -> 17918268 | ... R22: =R11-R20 -> 193490437
A24: Operating Expenses:
A25: Sales & Marketing | B25: 54964 | C25: 29502 | D25: 37246 | E25: 27591 | F25: 57762 | G25: 54051 | H25: 31610 | I25: 61687 | J25: 53060 | K25: 35915 | L25: 43956 | M25: 64225 | N25: =SUM(B26:D26) -> 117176 | O25: =SUM(E26:G26) -> 147705 | P25: =SUM(H26:J26) -> 142368 | Q25: =SUM(K26:M26) -> 138196 | R25: =SUM(B26:M26) -> 545445
A26: G&A | B26: 50680 | C26: 36096 | D26: 30400 | E26: 60898 | F26: 31929 | G26: 54878 | H26: 47031 | I26: 41026 | J26: 54311 | K26: 36958 | L26: 59639 | M26: 41599 | N26: =SUM(B25:D25) -> 121712 | O26: =SUM(E25:G25) -> 139404 | P26: =SUM(H25:J25) -> 146357 | Q26: =SUM(K25:M25) -> 144096 | R26: =SUM(B25:M25) -> 551569
A27: R&D | B27: 52762 | C27: 41443 | D27: 25189 | E27: 48823 | F27: 32962 | G27: 30985 | H27: 29320 | I27: 56586 | J27: 30542 | K27: 59748 | L27: 41479 | M27: 53827 | N27: =SUM(B27:D27) -> 119394 | O27: =SUM(E27:G27) -> 112770 | P27: =SUM(H27:J27) -> 116448 | Q27: =SUM(K27:M27) -> 155054 | R27: =SUM(B27:M27) -> 503666
A28: Total Operating Expenses | B28: =SUM(B25:B27) -> 158406 | C28: =SUM(C25:C27) -> 107041 | D28: =SUM(D25:D27) -> 92835 | E28: =SUM(E25:E27) -> 137312 | F28: =SUM(F25:F27) -> 122653 | G28: =SUM(G25:G27) -> 139914 | H28: =SUM(H25:H27) -> 107961 | I28: =SUM(I25:I27) -> 159299 | ... R28: =SUM(R25:R27) -> 1600680
A30: Total Net Income | B30: =B22-B28 -> 18133134 | C30: =C22-C28 -> 24618960 | D30: =D22-D28 -> 15242684 | E30: =E22-E28 -> 8312701 | F30: =F22-F28 -> 21331311 | G30: =G22-G28 -> 5488160 | H30: =H22-H28 -> 17690796 | I30: =I22-I28 -> 17758969 | ... R30: =R22-R28 -> 191889757

Sheet Cell Styles
A1: Cell Styles
A3: Type | B3: Example
A4: Data Input | B4: 1000 | C4: Text | D4: 43466
A5: Number Formats | B5: 1245.5
A6: Custom Format | B6: 0.0525

Sheet Column Differences
A1: ID | B1: First Name | C1: Last Name | D1: Revenue | E1: Rate | F1: Commission
A2: 1 | B2: Garwin | C2: Whaites | D2: 50015 | E2: 0.2 | F2: =D2*E2 -> 10003
A3: 2 | B3: Alasdair | C3: Sperry | D3: 35326 | E3: 0.25 | F3: =D3*E3 -> 8831.5
A4: 2 | B4: Alasdair | C4: Sperry | D4: 36061 | E4: 0.25 | F4: =D4*E4+(D4*0.02) -> 9736.47
A5: 3 | B5: Travis | C5: Fendlow | D5: 12942 | E5: 0.18 | F5: =D5*E5 -> 2329.56
A6: 3 | B6: Travis | C6: Fendlow | D6: 70780 | E6: 0.25 | F6: =D6*E6 -> 17695
A7: 4 | B7: Hank | C7: Block | D7: 39611 | E7: 0.25 | F7: =D7*E7 -> 9902.75
A8: 5 | B8: Hewie | C8: Oslar | D8: 96921 | E8: 0.2 | F8: =D8*E8 -> 19384.2
A9: 6 | B9: Taddeo | C9: McBrady | D9: 42192 | E9: 0.2 | F9: 10000
A10: 7 | B10: Shantee | C10: MacKettrick | D10: 71727 | E10: 0.2 | F10: =D10*E10 -> 14345.4
A11: 8 | B11: Brietta | C11: Munnery | D11: 23623 | E11: 0.2 | F11: =D11*1.25 -> 29528.75
A12: 8 | B12: Brietta | C12: Munnery | D12: 18964 | E12: 0.18 | F12: =D12*E12 -> 3413.52
A13: 9 | B13: Aurthur | C13: Conibere | D13: 65546 | E13: 0.2 | F13: 13000
A14: 10 | B14: Lacee | C14: Sibbs | D14: 90939 | E14: 0.25 | F14: =D14*E14 -> 22734.75
A15: 11 | B15: Galvan | C15: Gormally | D15: 87878 | E15: 0.2 | F15: =D15*E15 -> 17575.6
A16: 12 | B16: Bent | C16: Jennison | D16: 10154 | E16: 0.25 | F16: =D16*E16 -> 2538.5
A17: 13 | B17: Roselia | C17: Dive | D17: 73496 | E17: 0.18 | F17: =D17*E17 -> 13229.28
A18: 14 | B18: Vivianne | C18: Berge | D18: 46857 | E18: 0.25 | F18: =D18*E18 -> 11714.25

Sheet Formula Dependents
A1: Month | B1: Expenses | C1: Adjusted Exp | E1: Change: | F1: 0.85
A2: Jan | B2: 5313 | C2: =B2*$F$3 -> 4781.7 | E2: Adjust +/-: | F2: 0.05
A3: Feb | B3: 5993 | C3: =B3*$F$3 -> 5393.7 | E3: Total Change: | F3: =SUM(F1:F2) -> 0.9
A4: Mar | B4: 7654 | C4: =B4*$F$3 -> 6888.6
A5: Apr | B5: 5748 | C5: =B5*$F$3 -> 5173.2
A6: May | B6: 7080 | C6: =B6*$F$3 -> 6372
A7: Jun | B7: 6098 | C7: =B7*$F$3 -> 5488.2
A8: Jul | B8: 7733 | C8: =B8*$F$3 -> 6959.7
A9: Aug | B9: 5954 | C9: =B9*$F$3 -> 5358.6
A10: Sep | B10: 7932 | C10: =B10*$F$3 -> 7138.8
A11: Oct | B11: 7086 | C11: =B11*$F$3 -> 6377.4
A12: Nov | B12: 6912 | C12: =B12*$F$3 -> 6220.8
A13: Dec | B13: 5903 | C13: =B13*$F$3 -> 5312.7
A14: Total | B14: =SUM(B2:B13) -> 79406 | C14: =SUM(C2:C13) -> 71465.4

Sheet Named Ranges
A1: Named Ranges
A3: Month | B3: Expenses | C3: Adjusted Exp | E3: % Change: | F3: 0.9
A4: Jan | B4: 5313 | C4: =B4*rngPctChange -> 4781.7 | E4: Split %:
A5: Feb | B5: 5993 | C5: =B5*rngPctChange -> 5393.7
A6: Mar | B6: 7654 | C6: =B6*rngPctChange -> 6888.6
A7: Apr | B7: 5748 | C7: =B7*rngPctChange -> 5173.2
A8: May | B8: 7080 | C8: =B8*rngPctChange -> 6372
A9: Jun | B9: 6098 | C9: =B9*rngPctChange -> 5488.2
A10: Jul | B10: 7733 | C10: =B10*rngPctChange -> 6959.7
A11: Aug | B11: 5954 | C11: =B11*rngPctChange -> 5358.6
A12: Sep | B12: 7932 | C12: =B12*rngPctChange -> 7138.8
A13: Oct | B13: 7086 | C13: =B13*rngPctChange -> 6377.4
A14: Nov | B14: 6912 | C14: =B14*rngPctChange -> 6220.8
A15: Dec | B15: 5903 | C15: =B15*rngPctChange -> 5312.7
A16: Total | B16: =SUM(rngExpenses) -> 79406 | C16: =SUM(C4:C15) -> 71465.4
A18: Max | B18: =MAX(rngExpenses) -> 7932
A19: Min | B19: =MIN(rngExpenses) -> 5313
A20: Average | B20: =AVERAGE(rngExpenses) -> 6617.1667

Sheet Formula Bar
A1: Issue Tracker Dashboard
A2: 43525 | B2: - | C2: =EOMONTH(A2,0) -> 43555
A3: Start Date | C3: End Date
A6: Issues (Excl. Types 5 & 7) | D6: Bldg 1 | E6: Bldg 2 | F6: Bldg 3 | G6: Bldg 4 | H6: Bldg 5 | I6: Bldg 6 | J6: Total
A7: Low Priority | D7: {=SUM(COUNTIFS(tblLocData[TYPE],{"Type 1","Type 2","Type 3","Type 4","Type 6"},tblLocData[LOCATION],'Formula Bar'!D$6,tblLocData[PRIORITY],"Low",tblLocData[OPENED ON],">="&'Formula Bar'!$A$2,tblLocData[OPENED ON],"<="&'Formula Bar'!$C$2))/SUM(COUNTIFS(tblLocData[TYPE],{"Type 1","Type 2","Type 3","Type 4","Type 6"},tblLocData[LOCATION],'Formula Bar'!D$6,tblLocData[OPENED ON],">="&'Formula Bar'!$A$2,tblLocData[OPENED ON],"<="&'Formula Bar'!$C$2))} -> 0.28571429 | E7: {=SUM(COUNTIFS(tblLocData[TYPE],{"Type 1","Type 2","Type 3","Type 4","Type 6"},tblLocData[LOCATION],'Formula Bar'!E$6,tblLocData[PRIORITY],"Low",tblLocData[OPENED ON],">="&'Formula Bar'!$A$2,tblLocData[OPENED ON],"<="&'Formula Bar'!$C$2))/SUM(COUNTIFS(tblLocData[TYPE],{"Type 1","Type 2","Type 3","Type 4","Type 6"},tblLocData[LOCATION],'Formula Bar'!E$6,tblLocData[OPENED ON],">="&'Formula Bar'!$A$2,tblLocData[OPENED ON],"<="&'Formula Bar'!$C$2))} -> 0.5 | F7: {=SUM(COUNTIFS(tblLocData[TYPE],{"Type 1","Type 2","Type 3","Type 4","Type 6"},tblLocData[LOCATION],'Formula Bar'!F$6,tblLocData[PRIORITY],"Low",tblLocData[OPENED ON],">="&'Formula Bar'!$A$2,tblLocData[OPENED ON],"<="&'Formula Bar'!$C$2))/SUM(COUNTIFS(tblLocData[TYPE],{"Type 1","Type 2","Type 3","Type 4","Type 6"},tblLocData[LOCATION],'Formula Bar'!F$6,tblLocData[OPENED ON],">="&'Formula Bar'!$A$2,tblLocData[OPENED ON],"<="&'Formula Bar'!$C$2))} -> 0.33333333 | G7: {=SUM(COUNTIFS(tblLocData[TYPE],{"Type 1","Type 2","Type 3","Type 4","Type 6"},tblLocData[LOCATION],'Formula Bar'!G$6,tblLocData[PRIORITY],"Low",tblLocData[OPENED ON],">="&'Formula Bar'!$A$2,tblLocData[OPENED ON],"<="&'Formula Bar'!$C$2))/SUM(COUNTIFS(tblLocData[TYPE],{"Type 1","Type 2","Type 3","Type 4","Type 6"},tblLocData[LOCATION],'Formula Bar'!G$6,tblLocData[OPENED ON],">="&'Formula Bar'!$A$2,tblLocData[OPENED ON],"<="&'Formula Bar'!$C$2))} -> 0.25 | H7: {=SUM(COUNTIFS(tblLocData[TYPE],{"Type 1","Type 2","Type 3","Type 4","Type 6"},tblLocData[LOCATION],'Formula Bar'!H$6,tblLocData[PRIORITY],"Low",tblLocData[OPENED ON],">="&'Formula Bar'!$A$2,tblLocData[OPENED ON],"<="&'Formula Bar'!$C$2))/SUM(COUNTIFS(tblLocData[TYPE],{"Type 1","Type 2","Type 3","Type 4","Type 6"},tblLocData[LOCATION],'Formula Bar'!H$6,tblLocData[OPENED ON],">="&'Formula Bar'!$A$2,tblLocData[OPENED ON],"<="&'Formula Bar'!$C$2))} -> 0.5 | I7: {=SUM(COUNTIFS(tblLocData[TYPE],{"Type 1","Type 2","Type 3","Type 4","Type 6"},tblLocData[LOCATION],'Formula Bar'!I$6,tblLocData[PRIORITY],"Low",tblLocData[OPENED ON],">="&'Formula Bar'!$A$2,tblLocData[OPENED ON],"<="&'Formula Bar'!$C$2))/SUM(COUNTIFS(tblLocData[TYPE],{"Type 1","Type 2","Type 3","Type 4","Type 6"},tblLocData[LOCATION],'Formula Bar'!I$6,tblLocData[OPENED ON],">="&'Formula Bar'!$A$2,tblLocData[OPENED ON],"<="&'Formula Bar'!$C$2))} -> 0.5 | J7: {=SUM(COUNTIFS(tblLocData[TYPE],{"Type 1","Type 2","Type 3","Type 4","Type 6"},tblLocData[PRIORITY],"Low",tblLocData[OPENED ON],">="&'Formula Bar'!$A$2,tblLocData[OPENED ON],"<="&'Formula Bar'!$C$2))/SUM(COUNTIFS(tblLocData[TYPE],{"Type 1","Type 2","Type 3","Type 4","Type 6"},tblLocData[OPENED ON],">="&'Formula Bar'!$A$2,tblLocData[OPENED ON],"<="&'Formula Bar'!$C$2))} -> 0.39285714
A8: Medium Priority | D8: {=SUM(COUNTIFS(tblLocData[TYPE],{"Type 1","Type 2","Type 3","Type 4","Type 6"},tblLocData[LOCATION],'Formula Bar'!D$6,tblLocData[PRIORITY],"Medium",tblLocData[OPENED ON],">="&'Formula Bar'!$A$2,tblLocData[OPENED ON],"<="&'Formula Bar'!$C$2))/SUM(COUNTIFS(tblLocData[TYPE],{"Type 1","Type 2","Type 3","Type 4","Type 6"},tblLocData[LOCATION],'Formula Bar'!D$6,tblLocData[OPENED ON],">="&'Formula Bar'!$A$2,tblLocData[OPENED ON],"<="&'Formula Bar'!$C$2))} -> 0.42857143 | E8: {=SUM(COUNTIFS(tblLocData[TYPE],{"Type 1","Type 2","Type 3","Type 4","Type 6"},tblLocData[LOCATION],'Formula Bar'!E$6,tblLocData[PRIORITY],"Medium",tblLocData[OPENED ON],">="&'Formula Bar'!$A$2,tblLocData[OPENED ON],"<="&'Formula Bar'!$C$2))/SUM(COUNTIFS(tblLocData[TYPE],{"Type 1","Type 2","Type 3","Type 4","Type 6"},tblLocData[LOCATION],'Formula Bar'!E$6,tblLocData[OPENED ON],">="&'Formula Bar'!$A$2,tblLocData[OPENED ON],"<="&'Formula Bar'!$C$2))} -> 0.16666667 | F8: {=SUM(COUNTIFS(tblLocData[TYPE],{"Type 1","Type 2","Type 3","Type 4","Type 6"},tblLocData[LOCATION],'Formula Bar'!F$6,tblLocData[PRIORITY],"Medium",tblLocData[OPENED ON],">="&'Formula Bar'!$A$2,tblLocData[OPENED ON],"<="&'Formula Bar'!$C$2))/SUM(COUNTIFS(tblLocData[TYPE],{"Type 1","Type 2","Type 3","Type 4","Type 6"},tblLocData[LOCATION],'Formula Bar'!F$6,tblLocData[OPENED ON],">="&'Formula Bar'!$A$2,tblLocData[OPENED ON],"<="&'Formula Bar'!$C$2))} -> 0.66666667 | G8: {=SUM(COUNTIFS(tblLocData[TYPE],{"Type 1","Type 2","Type 3","Type 4","Type 6"},tblLocData[LOCATION],'Formula Bar'!G$6,tblLocData[PRIORITY],"Medium",tblLocData[OPENED ON],">="&'Formula Bar'!$A$2,tblLocData[OPENED ON],"<="&'Formula Bar'!$C$2))/SUM(COUNTIFS(tblLocData[TYPE],{"Type 1","Type 2","Type 3","Type 4","Type 6"},tblLocData[LOCATION],'Formula Bar'!G$6,tblLocData[OPENED ON],">="&'Formula Bar'!$A$2,tblLocData[OPENED ON],"<="&'Formula Bar'!$C$2))} -> 0.75 | H8: {=SUM(COUNTIFS(tblLocData[TYPE],{"Type 1","Type 2","Type 3","Type 4","Type 6"},tblLocData[LOCATION],'Formula Bar'!H$6,tblLocData[PRIORITY],"Medium",tblLocData[OPENED ON],">="&'Formula Bar'!$A$2,tblLocData[OPENED ON],"<="&'Formula Bar'!$C$2))/SUM(COUNTIFS(tblLocData[TYPE],{"Type 1","Type 2","Type 3","Type 4","Type 6"},tblLocData[LOCATION],'Formula Bar'!H$6,tblLocData[OPENED ON],">="&'Formula Bar'!$A$2,tblLocData[OPENED ON],"<="&'Formula Bar'!$C$2))} -> 0.5 | I8: {=SUM(COUNTIFS(tblLocData[TYPE],{"Type 1","Type 2","Type 3","Type 4","Type 6"},tblLocData[LOCATION],'Formula Bar'!I$6,tblLocData[PRIORITY],"Medium",tblLocData[OPENED ON],">="&'Formula Bar'!$A$2,tblLocData[OPENED ON],"<="&'Formula Bar'!$C$2))/SUM(COUNTIFS(tblLocData[TYPE],{"Type 1","Type 2","Type 3","Type 4","Type 6"},tblLocData[LOCATION],'Formula Bar'!I$6,tblLocData[OPENED ON],">="&'Formula Bar'!$A$2,tblLocData[OPENED ON],"<="&'Formula Bar'!$C$2))} -> 0.25 | J8: {=SUM(COUNTIFS(tblLocData[TYPE],{"Type 1","Type 2","Type 3","Type 4","Type 6"},tblLocData[PRIORITY],"Medium",tblLocData[OPENED ON],">="&'Formula Bar'!$A$2,tblLocData[OPENED ON],"<="&'Formula Bar'!$C$2))/SUM(COUNTIFS(tblLocData[TYPE],{"Type 1","Type 2","Type 3","Type 4","Type 6"},tblLocData[OPENED ON],">="&'Formula Bar'!$A$2,tblLocData[OPENED ON],"<="&'Formula Bar'!$C$2))} -> 0.42857143
A9: High Priority | D9: {=SUM(COUNTIFS(tblLocData[TYPE],{"Type 1","Type 2","Type 3","Type 4","Type 6"},tblLocData[LOCATION],'Formula Bar'!D$6,tblLocData[PRIORITY],"High",tblLocData[OPENED ON],">="&'Formula Bar'!$A$2,tblLocData[OPENED ON],"<="&'Formula Bar'!$C$2))/SUM(COUNTIFS(tblLocData[TYPE],{"Type 1","Type 2","Type 3","Type 4","Type 6"},tblLocData[LOCATION],'Formula Bar'!D$6,tblLocData[OPENED ON],">="&'Formula Bar'!$A$2,tblLocData[OPENED ON],"<="&'Formula Bar'!$C$2))} -> 0.28571429 | E9: {=SUM(COUNTIFS(tblLocData[TYPE],{"Type 1","Type 2","Type 3","Type 4","Type 6"},tblLocData[LOCATION],'Formula Bar'!E$6,tblLocData[PRIORITY],"High",tblLocData[OPENED ON],">="&'Formula Bar'!$A$2,tblLocData[OPENED ON],"<="&'Formula Bar'!$C$2))/SUM(COUNTIFS(tblLocData[TYPE],{"Type 1","Type 2","Type 3","Type 4","Type 6"},tblLocData[LOCATION],'Formula Bar'!E$6,tblLocData[OPENED ON],">="&'Formula Bar'!$A$2,tblLocData[OPENED ON],"<="&'Formula Bar'!$C$2))} -> 0.33333333 | F9: {=SUM(COUNTIFS(tblLocData[TYPE],{"Type 1","Type 2","Type 3","Type 4","Type 6"},tblLocData[LOCATION],'Formula Bar'!F$6,tblLocData[PRIORITY],"High",tblLocData[OPENED ON],">="&'Formula Bar'!$A$2,tblLocData[OPENED ON],"<="&'Formula Bar'!$C$2))/SUM(COUNTIFS(tblLocData[TYPE],{"Type 1","Type 2","Type 3","Type 4","Type 6"},tblLocData[LOCATION],'Formula Bar'!F$6,tblLocData[OPENED ON],">="&'Formula Bar'!$A$2,tblLocData[OPENED ON],"<="&'Formula Bar'!$C$2))} -> 0 | G9: {=SUM(COUNTIFS(tblLocData[TYPE],{"Type 1","Type 2","Type 3","Type 4","Type 6"},tblLocData[LOCATION],'Formula Bar'!G$6,tblLocData[PRIORITY],"High",tblLocData[OPENED ON],">="&'Formula Bar'!$A$2,tblLocData[OPENED ON],"<="&'Formula Bar'!$C$2))/SUM(COUNTIFS(tblLocData[TYPE],{"Type 1","Type 2","Type 3","Type 4","Type 6"},tblLocData[LOCATION],'Formula Bar'!G$6,tblLocData[OPENED ON],">="&'Formula Bar'!$A$2,tblLocData[OPENED ON],"<="&'Formula Bar'!$C$2))} -> 0 | H9: {=SUM(COUNTIFS(tblLocData[TYPE],{"Type 1","Type 2","Type 3","Type 4","Type 6"},tblLocData[LOCATION],'Formula Bar'!H$6,tblLocData[PRIORITY],"High",tblLocData[OPENED ON],">="&'Formula Bar'!$A$2,tblLocData[OPENED ON],"<="&'Formula Bar'!$C$2))/SUM(COUNTIFS(tblLocData[TYPE],{"Type 1","Type 2","Type 3","Type 4","Type 6"},tblLocData[LOCATION],'Formula Bar'!H$6,tblLocData[OPENED ON],">="&'Formula Bar'!$A$2,tblLocData[OPENED ON],"<="&'Formula Bar'!$C$2))} -> 0 | I9: {=SUM(COUNTIFS(tblLocData[TYPE],{"Type 1","Type 2","Type 3","Type 4","Type 6"},tblLocData[LOCATION],'Formula Bar'!I$6,tblLocData[PRIORITY],"High",tblLocData[OPENED ON],">="&'Formula Bar'!$A$2,tblLocData[OPENED ON],"<="&'Formula Bar'!$C$2))/SUM(COUNTIFS(tblLocData[TYPE],{"Type 1","Type 2","Type 3","Type 4","Type 6"},tblLocData[LOCATION],'Formula Bar'!I$6,tblLocData[OPENED ON],">="&'Formula Bar'!$A$2,tblLocData[OPENED ON],"<="&'Formula Bar'!$C$2))} -> 0.25 | J9: {=SUM(COUNTIFS(tblLocData[TYPE],{"Type 1","Type 2","Type 3","Type 4","Type 6"},tblLocData[PRIORITY],"High",tblLocData[OPENED ON],">="&'Formula Bar'!$A$2,tblLocData[OPENED ON],"<="&'Formula Bar'!$C$2))/SUM(COUNTIFS(tblLocData[TYPE],{"Type 1","Type 2","Type 3","Type 4","Type 6"},tblLocData[OPENED ON],">="&'Formula Bar'!$A$2,tblLocData[OPENED ON],"<="&'Formula Bar'!$C$2))} -> 0.17857143
A11: Total Issues | D11: {=SUM(COUNTIFS(tblLocData[TYPE],{"Type 1","Type 2","Type 3","Type 4","Type 6"},tblLocData[LOCATION],'Formula Bar'!D$6,tblLocData[OPENED ON],">="&'Formula Bar'!$A$2,tblLocData[OPENED ON],"<="&'Formula Bar'!$C$2))} -> 7 | E11: {=SUM(COUNTIFS(tblLocData[TYPE],{"Type 1","Type 2","Type 3","Type 4","Type 6"},tblLocData[LOCATION],'Formula Bar'!E$6,tblLocData[OPENED ON],">="&'Formula Bar'!$A$2,tblLocData[OPENED ON],"<="&'Formula Bar'!$C$2))} -> 6 | F11: {=SUM(COUNTIFS(tblLocData[TYPE],{"Type 1","Type 2","Type 3","Type 4","Type 6"},tblLocData[LOCATION],'Formula Bar'!F$6,tblLocData[OPENED ON],">="&'Formula Bar'!$A$2,tblLocData[OPENED ON],"<="&'Formula Bar'!$C$2))} -> 3 | G11: {=SUM(COUNTIFS(tblLocData[TYPE],{"Type 1","Type 2","Type 3","Type 4","Type 6"},tblLocData[LOCATION],'Formula Bar'!G$6,tblLocData[OPENED ON],">="&'Formula Bar'!$A$2,tblLocData[OPENED ON],"<="&'Formula Bar'!$C$2))} -> 4 | H11: {=SUM(COUNTIFS(tblLocData[TYPE],{"Type 1","Type 2","Type 3","Type 4","Type 6"},tblLocData[LOCATION],'Formula Bar'!H$6,tblLocData[OPENED ON],">="&'Formula Bar'!$A$2,tblLocData[OPENED ON],"<="&'Formula Bar'!$C$2))} -> 4 | I11: {=SUM(COUNTIFS(tblLocData[TYPE],{"Type 1","Type 2","Type 3","Type 4","Type 6"},tblLocData[LOCATION],'Formula Bar'!I$6,tblLocData[OPENED ON],">="&'Formula Bar'!$A$2,tblLocData[OPENED ON],"<="&'Formula Bar'!$C$2))} -> 4 | J11: {=SUM(COUNTIFS(tblLocData[TYPE],{"Type 1","Type 2","Type 3","Type 4","Type 6"},tblLocData[OPENED ON],">="&'Formula Bar'!$A$2,tblLocData[OPENED ON],"<="&'Formula Bar'!$C$2))} -> 28
A12: % of Total Issues | D12: =D11/D14 -> 0.7 | E12: =E11/E14 -> 1 | F12: =F11/F14 -> 1 | G12: =G11/G14 -> 1 | H12: =H11/H14 -> 0.8 | I12: =I11/I14 -> 0.66666667 | J12: =J11/J14 -> 0.82352941
A14: All Issues | D14: =COUNTIFS(tblLocData[LOCATION],'Formula Bar'!D$6,tblLocData[OPENED ON],">="&'Formula Bar'!$A$2,tblLocData[OPENED ON],"<="&'Formula Bar'!$C$2) -> 10 | E14: =COUNTIFS(tblLocData[LOCATION],'Formula Bar'!E$6,tblLocData[OPENED ON],">="&'Formula Bar'!$A$2,tblLocData[OPENED ON],"<="&'Formula Bar'!$C$2) -> 6 | F14: =COUNTIFS(tblLocData[LOCATION],'Formula Bar'!F$6,tblLocData[OPENED ON],">="&'Formula Bar'!$A$2,tblLocData[OPENED ON],"<="&'Formula Bar'!$C$2) -> 3 | G14: =COUNTIFS(tblLocData[LOCATION],'Formula Bar'!G$6,tblLocData[OPENED ON],">="&'Formula Bar'!$A$2,tblLocData[OPENED ON],"<="&'Formula Bar'!$C$2) -> 4 | H14: =COUNTIFS(tblLocData[LOCATION],'Formula Bar'!H$6,tblLocData[OPENED ON],">="&'Formula Bar'!$A$2,tblLocData[OPENED ON],"<="&'Formula Bar'!$C$2) -> 5 | I14: =COUNTIFS(tblLocData[LOCATION],'Formula Bar'!I$6,tblLocData[OPENED ON],">="&'Formula Bar'!$A$2,tblLocData[OPENED ON],"<="&'Formula Bar'!$C$2) -> 6 | J14: =COUNTIFS(tblLocData[OPENED ON],">="&'Formula Bar'!$A$2,tblLocData[OPENED ON],"<="&'Formula Bar'!$C$2) -> 34

Sheet Autofit
A1: ID | B1: Date | C1: Email | D1: First Name | E1: Last Name | F1: State | G1: Product | H1: Price | I1: Size | J1: Qty
A2: 1 | B2: 43522 | C2: adows0@hexun.com | D2: Arlinda | E2: Dows | F2: New York | G2: Bamity | H2: 436 | I2: XL | J2: 3
A3: 2 | B3: 43583 | C3: admytryk1@bbb.org | D3: Amos | E3: Dmytryk | F3: California | G3: Opela | H3: 80 | I3: XL | J3: 10
A4: 3 | B4: 43517 | C4: ddumini2@privacy.gov.au | D4: Darin | E4: Dumini | F4: Delaware | G4: Bamity | H4: 331 | I4: 3XL | J4: 8
A5: 4 | B5: 43694 | C5: ablackley3@bizjournals.com | D5: Amabel | E5: Blackley | F5: Florida | G5: Solarbreeze | H5: 242 | I5: S | J5: 3
A6: 5 | B6: 43666 | C6: pstivers4@walmart.com | D6: Patton | E6: Stivers | F6: Virginia | G6: Aerified | H6: 358 | I6: 2XL | J6: 10
A7: 6 | B7: 43717 | C7: tgreenham5@w3.org | D7: Teddi | E7: Greenham | F7: Wisconsin | G7: Stringtough | H7: 39 | I7: L | J7: 1
A8: 7 | B8: 43750 | C8: mpershouse6@ycombinator.com | D8: Milo | E8: Pershouse | F8: Nebraska | G8: Keylex | H8: 218 | I8: 2XL | J8: 2
A9: 8 | B9: 43729 | C9: cbremner7@a8.net | D9: Cass | E9: Bremner | F9: Mississippi | G9: Opela | H9: 419 | I9: XL | J9: 1
A10: 9 | B10: 43495 | C10: ohadlee8@techcrunch.com | D10: Ossie | E10: Hadlee | F10: Pennsylvania | G10: Bytecard | H10: 84 | I10: L | J10: 1
A11: 10 | B11: 43483 | C11: sarthey9@time.com | D11: Susanetta | E11: Arthey | F11: Connecticut | G11: Subin | H11: 111 | I11: L | J11: 2
A12: 11 | B12: 43770 | C12: ebrandsmaa@ezinearticles.com | D12: Emalee | E12: Brandsma | F12: New Mexico | G12: Ventosanzap | H12: 262 | I12: L | J12: 9
A13: 12 | B13: 43573 | C13: afensomeb@va.gov | D13: Alaster | E13: Fensome | F13: Oregon | G13: Job | H13: 492 | I13: XL | J13: 3
... A2001: 2000 | B2001: 43636 | C2001: trostronrr@addtoany.com | D2001: Toby | E2001: Rostron | F2001: California | G2001: Temp | H2001: 491 | I2001: 3XL | J2001: 4

Sheet Selection Pane
A3: Region | B3: Sum of Revenue
A4: North | B4: 141660.34
A5: East | B5: 108275.51
A6: South | B6: 93848.33
A7: West | B7: 91251.98
A8: Grand Total | B8: 435036.16

Sheet Source
A1: Author: | B1: Jon Acampora
A2: Source: | B2: https://www.excelcampus.com/keyboard-shortcuts/advanced-excel-shortcuts/

Sheet New Data
A1: Trans ID | B1: Date | C1: Customer | D1: Region | E1: Product | F1: Revenue
A2: 10012965 | B2: 42972 | C2: Customer D | D2: North | E2: Product 3 | F2: 8680.11
A3: 10012735 | B3: 42974 | C3: Customer D | D3: East | E3: Product 1 | F3: 7767.33
A4: 10012768 | B4: 42976 | C4: Customer E | D4: East | E4: Product 2 | F4: 1283.95
A5: 10013631 | B5: 42977 | C5: Customer C | D5: East | F5: 880.12
A6: 10013513 | B6: 42978 | C6: Customer F | D6: West | E6: Product 9 | F6: 1378.46
A7: 10012927 | B7: 42980 | C7: Customer D | D7: South | E7: Product 3 | F7: 5829.53
A8: 10012721 | B8: 42981 | C8: Customer E | D8: North | E8: Product 1 | F8: 6486.7
A9: 10013397 | B9: 42981 | C9: Customer F | D9: South | E9: Product 8 | F9: 1030.82
A10: 10013497 | B10: 42981 | C10: Customer B | D10: East | E10: Product 8 | F10: 9709.52
A11: 10013243 | B11: 42983 | C11: Customer B | D11: West | E11: Product 6 | F11: 4810.46
A12: 10013355 | B12: 42990 | C12: Customer F | D12: West | E12: Product 7 | F12: 6175.09
A13: 10012823 | B13: 42992 | C13: Customer A | D13: West | E13: Product 2 | F13: 6433.56
A14: 10013429 | B14: 42994 | C14: Customer A | D14: South | E14: Product 8 | F14: 3557.66
A15: 10013298 | B15: 42996 | C15: Customer A | D15: East | E15: Product 7 | F15: 584.41
A16: 10013288 | B16: 43001 | C16: Customer A | D16: West | E16: Product 6 | F16: 9595.29
A17: 10012887 | B17: 43002 | C17: Customer D | D17: West | E17: Product 3 | F17: 2689.23
... A95: 10013198 | B95: 43134 | C95: Customer F | D95: South | E95: Product 6 | F95: 711.33
A96: 10013619 | B96: 43136 | C96: Customer C | D96: North | F96: 463.26
A97: 10013058 | B97: 43139 | C97: Customer C | D97: South | E97: Product 4 | F97: 7348.21
A98: 10013060 | B98: 43142 | C98: Customer F | D98: East | E98: Product 4 | F98: 7365.35
A99: 10012896 | B99: 43144 | C99: Customer C | D99: North | E99: Product 3 | F99: 3618.81
A100: 10013028 | B100: 43145 | C100: Customer E | D100: South | E100: Product 4 | F100: 3738.39
A101: 10012853 | B101: 43149 | C101: Customer C | D101: East | E101: Product 2 | F101: 9062.74
A102: 10012678 | B102: 43152 | C102: Customer E | D102: West | E102: Product 1 | F102: 3441.25
A103: 10012651 | B103: 43156 | C103: Customer C | D103: South | E103: Product 1 | F103: 117.36
A104: 10012912 | B104: 43157 | C104: Customer B | D104: South | E104: Product 3 | F104: 4501.46
A105: 10013282 | B105: 43157 | C105: Customer D | D105: North | E105: Product 6 | F105: 8896.97
A106: 10012751 | B106: 43158 | C106: Customer D | D106: East | E106: Product 1 | F106: 9806.28
A107: 10012819 | B107: 43161 | C107: Customer E | D107: South | E107: Product 2 | F107: 6133.79
A108: 10013383 | B108: 43161 | C108: Customer F | D108: South | E108: Product 7 | F108: 8846.42
... A155: 10013158 | B155: 43233 | C155: Customer B | D155: East | E155: Product 5 | F155: 5707.09
A156: 10013632 | B156: 43242 | C156: Customer D | D156: North | F156: 901.57
A157: 10012744 | B157: 43244 | C157: Customer F | D157: South | E157: Product 1 | F157: 9399.52
A158: 10012969 | B158: 43245 | C158: Customer C | D158: East | E158: Product 3 | F158: 9130.58
A159: 10012957 | B159: 43246 | C159: Customer A | D159: West | E159: Product 3 | F159: 8038.46
A160: 10013290 | B160: 43246 | C160: Customer D | D160: North | E160: Product 6 | F160: 9622.32
A161: 10013347 | B161: 43247 | C161: Customer B | D161: West | E161: Product 7 | F161: 5251.99
A162: 10012701 | B162: 43248 | C162: Customer E | D162: North | E162: Product 1 | F162: 5360.13
A163: 10012814 | B163: 43248 | C163: Customer C | D163: North | E163: Product 2 | F163: 5794.07
A164: 10012659 | B164: 43250 | C164: Customer A | D164: East | E164: Product 1 | F164: 1108.77
A165: 10012765 | B165: 43250 | C165: Customer A | D165: West | E165: Product 2 | F165: 887.48
A166: 10013067 | B166: 43251 | C166: Customer C | D166: East | E166: Product 4 | F166: 7879.71
A167: 10012906 | B167: 43252 | C167: Customer D | D167: North | E167: Product 3 | F167: 4183.92
A168: 10012949 | B168: 43254 | C168: Customer D | D168: West | E168: Product 3 | F168: 7117.4
... A186: 10012799 | B186: 43281 | C186: Customer E | D186: East | E186: Product 2 | F186: 4503.03

Sheet Loc Data
A1: # | B1: ISSUE | C1: TYPE | D1: LOCATION | E1: PRIORITY | F1: OPENED ON | G1: OPENED BY | H1: CLOSED ON | I1: CLOSED BY | J1: NOTES
A2: 1 | B2: Issue #1 | C2: Type 2 | D2: Bldg 6 | E2: Medium | F2: 43497 | G2: James | H2: 43500 | I2: James
A3: 2 | B3: Issue #2 | C3: Type 6 | D3: Bldg 3 | E3: Low | F3: 43497 | G3: Kim | H3: 43497 | I3: James
A4: 3 | B4: Issue #3 | C4: Type 5 | D4: Bldg 4 | E4: Low | F4: 43500 | G4: Lilly | H4: 43500 | I4: Lilly
A5: 4 | B5: Issue #4 | C5: Type 3 | D5: Bldg 1 | E5: Medium | F5: 43500 | G5: Lilly | H5: 43501 | I5: Lilly
A6: 5 | B6: Issue #5 | C6: Type 4 | D6: Bldg 6 | E6: Medium | F6: 43500 | G6: James | H6: 43500 | I6: Ted
A7: 6 | B7: Issue #6 | C7: Type 7 | D7: Bldg 5 | E7: Low | F7: 43504 | G7: Ted | H7: 43504 | I7: James
A8: 7 | B8: Issue #7 | C8: Type 5 | D8: Bldg 3 | E8: High | F8: 43504 | G8: Kim | H8: 43509 | I8: James
A9: 8 | B9: Issue #8 | C9: Type 4 | D9: Bldg 3 | E9: Medium | F9: 43504 | G9: Kim | H9: 43507 | I9: James
A10: 9 | B10: Issue #9 | C10: Type 1 | D10: Bldg 5 | E10: Medium | F10: 43504 | G10: Kim | H10: 43507 | I10: Kim
A11: 10 | B11: Issue #10 | C11: Type 6 | D11: Bldg 4 | E11: High | F11: 43508 | G11: Ted | H11: 43508 | I11: Lilly
A12: 11 | B12: Issue #11 | C12: Type 7 | D12: Bldg 6 | E12: Medium | F12: 43508 | G12: Kim | H12: 43509 | I12: Lilly
A13: 12 | B13: Issue #12 | C13: Type 7 | D13: Bldg 2 | E13: High | F13: 43511 | G13: Ted | H13: 43514 | I13: James
... A92: 91 | B92: Issue #91 | C92: Type 4 | D92: Bldg 6 | E92: High | F92: 43685 | G92: Kim | H92: 43687 | I92: Lilly

Sheet Data
A1: Order ID | B1: Order Date | C1: Customer ID | D1: Customer Name | E1: Address | F1: City | G1: State | H1: ZIP/Postal Code | I1: Country/Region | J1: Salesperson | K1: Region | L1: Shipped Date | M1: Shipper Name | N1: Ship Name | O1: Ship Address | P1: Ship City | Q1: Ship State | R1: Ship ZIP/Postal Code | S1: Ship Country/Region | T1: Payment Type | U1: Product Name | V1: Category | W1: Unit Price | X1: Quantity | Y1: Revenue | Z1: Shipping Fee
A2: 1001 | B2: 43127 | C2: 27 | D2: Company AA | E2: 789 27th Street | F2: Las Vegas | G2: NV | H2: 99999 | I2: USA | J2: Mariya Sergienko | K2: West | L2: 43129 | M2: Shipping Company B | N2: Karen Toh | O2: 789 27th Street | P2: Las Vegas | Q2: NV | R2: 99999 | S2: USA | T2: Check | U2: Beer | V2: Beverages | W2: 14 | X2: 49 | Y2: 686 | Z2: 66.542
A3: 1002 | B3: 43127 | C3: 27 | D3: Company AA | E3: 789 27th Street | F3: Las Vegas | G3: NV | H3: 99999 | I3: USA | J3: Mariya Sergienko | K3: West | L3: 43129 | M3: Shipping Company B | N3: Karen Toh | O3: 789 27th Street | P3: Las Vegas | Q3: NV | R3: 99999 | S3: USA | T3: Check | U3: Dried Plums | V3: Dried Fruit & Nuts | W3: 3.5 | X3: 47 | Y3: 164.5 | Z3: 16.6145
A4: 1003 | B4: 43104 | C4: 4 | D4: Company D | E4: 123 4th Street | F4: New York | G4: NY | H4: 99999 | I4: USA | J4: Andrew Cencini | K4: East | L4: 43106 | M4: Shipping Company A | N4: Christina Lee | O4: 123 4th Street | P4: New York | Q4: NY | R4: 99999 | S4: USA | T4: Credit Card | U4: Dried Pears | V4: Dried Fruit & Nuts | W4: 30 | X4: 69 | Y4: 2070 | Z4: 198.72
A5: 1004 | B5: 43104 | C5: 4 | D5: Company D | E5: 123 4th Street | F5: New York | G5: NY | H5: 99999 | I5: USA | J5: Andrew Cencini | K5: East | L5: 43106 | M5: Shipping Company A | N5: Christina Lee | O5: 123 4th Street | P5: New York | Q5: NY | R5: 99999 | S5: USA | T5: Credit Card | U5: Dried Apples | V5: Dried Fruit & Nuts | W5: 53 | X5: 89 | Y5: 4717 | Z5: 448.115
A6: 1005 | B6: 43104 | C6: 4 | D6: Company D | E6: 123 4th Street | F6: New York | G6: NY | H6: 99999 | I6: USA | J6: Andrew Cencini | K6: East | L6: 43106 | M6: Shipping Company A | N6: Christina Lee | O6: 123 4th Street | P6: New York | Q6: NY | R6: 99999 | S6: USA | T6: Credit Card | U6: Dried Plums | V6: Dried Fruit & Nuts | W6: 3.5 | X6: 11 | Y6: 38.5 | Z6: 3.7345
A7: 1006 | B7: 43112 | C7: 12 | D7: Company L | E7: 123 12th Street | F7: Las Vegas | G7: NV | H7: 99999 | I7: USA | J7: Mariya Sergienko | K7: West | L7: 43114 | M7: Shipping Company B | N7: John Edwards | O7: 123 12th Street | P7: Las Vegas | Q7: NV | R7: 99999 | S7: USA | T7: Credit Card | U7: Chai | V7: Beverages | W7: 18 | X7: 81 | Y7: 1458 | Z7: 141.426
A8: 1007 | B8: 43112 | C8: 12 | D8: Company L | E8: 123 12th Street | F8: Las Vegas | G8: NV | H8: 99999 | I8: USA | J8: Mariya Sergienko | K8: West | L8: 43114 | M8: Shipping Company B | N8: John Edwards | O8: 123 12th Street | P8: Las Vegas | Q8: NV | R8: 99999 | S8: USA | T8: Credit Card | U8: Coffee | V8: Beverages | W8: 46 | X8: 44 | Y8: 2024 | Z8: 198.352
A9: 1008 | B9: 43108 | C9: 8 | D9: Company H | E9: 123 8th Street | F9: Portland | G9: OR | H9: 99999 | I9: USA | J9: Nancy Freehafer | K9: North | L9: 43110 | M9: Shipping Company C | N9: Elizabeth Andersen | O9: 123 8th Street | P9: Portland | Q9: OR | R9: 99999 | S9: USA | T9: Credit Card | U9: Chocolate Biscuits Mix | V9: Baked Goods & Mixes | W9: 9.2 | X9: 38 | Y9: 349.6 | Z9: 36.0088
A10: 1009 | B10: 43104 | C10: 4 | D10: Company D | E10: 123 4th Street | F10: New York | G10: NY | H10: 99999 | I10: USA | J10: Andrew Cencini | K10: East | L10: 43106 | M10: Shipping Company C | N10: Christina Lee | O10: 123 4th Street | P10: New York | Q10: NY | R10: 99999 | S10: USA | T10: Check | U10: Chocolate Biscuits Mix | V10: Baked Goods & Mixes | W10: 9.2 | X10: 88 | Y10: 809.6 | Z10: 79.3408
A11: 1010 | B11: 43129 | C11: 29 | D11: Company CC | E11: 789 29th Street | F11: Denver | G11: CO | H11: 99999 | I11: USA | J11: Jan Kotas | K11: West | L11: 43131 | M11: Shipping Company B | N11: Soo Jung Lee | O11: 789 29th Street | P11: Denver | Q11: CO | R11: 99999 | S11: USA | T11: Check | U11: Chocolate | V11: Candy | W11: 12.75 | X11: 94 | Y11: 1198.5 | Z11: 122.247
A12: 1011 | B12: 43103 | C12: 3 | D12: Company C | E12: 123 3rd Street | F12: Los Angelas | G12: CA | H12: 99999 | I12: USA | J12: Mariya Sergienko | K12: West | L12: 43105 | M12: Shipping Company B | N12: Thomas Axerr | O12: 123 3rd Street | P12: Los Angelas | Q12: CA | R12: 99999 | S12: USA | T12: Cash | U12: Clam Chowder | V12: Soups | W12: 9.65 | X12: 91 | Y12: 878.15 | Z12: 92.20575
A13: 1012 | B13: 43106 | C13: 6 | D13: Company F | E13: 123 6th Street | F13: Milwaukee | G13: WI | H13: 99999 | I13: USA | J13: Michael Neipper | K13: North | L13: 43108 | M13: Shipping Company B | N13: Francisco Pérez-Olaeta | O13: 123 6th Street | P13: Milwaukee | Q13: WI | R13: 99999 | S13: USA | T13: Credit Card | U13: Curry Sauce | V13: Sauces | W13: 40 | X13: 32 | Y13: 1280 | Z13: 133.12
... A16: 1015 | B16: 43110 | C16: 10 | D16: Company J | E16: 123 10th Street | F16: Chicago | G16: IL | H16: 99999 | I16: USA | J16: Laura Giussani | K16: East | L16: 43112 | M16: Shipping Company B | N16: Roland Wacker | O16: 123 10th Street | P16: Chicago | Q16: IL | R16: 99999 | S16: USA | T16: Credit Card | U16: Green Tea | V16: Beverages | W16: 2.99 | X16: 90 | Y16: 269.1 | Z16: 27.7173
A17: 1016 | B17: 43107 | C17: 7 | D17: Company G | E17: 123 7th Street | F17: Boise | G17: ID | H17: 99999 | I17: USA | J17: Nancy Freehafer | K17: North | N17: Ming-Yang Xie | O17: 123 7th Street | P17: Boise | Q17: ID | R17: 99999 | S17: USA | U17: Coffee | V17: Beverages | W17: 46 | X17: 24 | Y17: 1104 | Z17: 110.4
A18: 1017 | B18: 43110 | C18: 10 | D18: Company J | E18: 123 10th Street | F18: Chicago | G18: IL | H18: 99999 | I18: USA | J18: Laura Giussani | K18: East | L18: 43112 | M18: Shipping Company A | N18: Roland Wacker | O18: 123 10th Street | P18: Chicago | Q18: IL | R18: 99999 | S18: USA | U18: Boysenberry Spread | V18: Jams, Preserves | W18: 25 | X18: 34 | Y18: 850 | Z18: 80.75
A19: 1018 | B19: 43110 | C19: 10 | D19: Company J | E19: 123 10th Street | F19: Chicago | G19: IL | H19: 99999 | I19: USA | J19: Laura Giussani | K19: East | L19: 43112 | M19: Shipping Company A | N19: Roland Wacker | O19: 123 10th Street | P19: Chicago | Q19: IL | R19: 99999 | S19: USA | U19: Cajun Seasoning | V19: Condiments | W19: 22 | X19: 17 | Y19: 374 | Z19: 35.904
A20: 1019 | B20: 43110 | C20: 10 | D20: Company J | E20: 123 10th Street | F20: Chicago | G20: IL | H20: 99999 | I20: USA | J20: Laura Giussani | K20: East | L20: 43112 | M20: Shipping Company A | N20: Roland Wacker | O20: 123 10th Street | P20: Chicago | Q20: IL | R20: 99999 | S20: USA | U20: Chocolate Biscuits Mix | V20: Baked Goods & Mixes | W20: 9.2 | X20: 44 | Y20: 404.8 | Z20: 42.0992
A21: 1020 | B21: 43111 | C21: 11 | D21: Company K | E21: 123 11th Street | F21: Miami | G21: FL | H21: 99999 | I21: USA | J21: Anne Larsen | K21: South | M21: Shipping Company C | N21: Peter Krschne | O21: 123 11th Street | P21: Miami | Q21: FL | R21: 99999 | S21: USA | U21: Dried Plums | V21: Dried Fruit & Nuts | W21: 3.5 | X21: 81 | Y21: 283.5 | Z21: 27.4995
A22: 1021 | B22: 43111 | C22: 11 | D22: Company K | E22: 123 11th Street | F22: Miami | G22: FL | H22: 99999 | I22: USA | J22: Anne Larsen | K22: South | M22: Shipping Company C | N22: Peter Krschne | O22: 123 11th Street | P22: Miami | Q22: FL | R22: 99999 | S22: USA | U22: Green Tea | V22: Beverages | W22: 2.99 | X22: 49 | Y22: 146.51 | Z22: 15.09053
A23: 1022 | B23: 43101 | C23: 1 | D23: Company A | E23: 123 1st Street | F23: Seattle | G23: WA | H23: 99999 | I23: USA | J23: Nancy Freehafer | K23: North | N23: Anna Bedecs | O23: 123 1st Street | P23: Seattle | Q23: WA | R23: 99999 | S23: USA | U23: Chai | V23: Beverages | W23: 18 | X23: 42 | Y23: 756 | Z23: 75.6
A24: 1023 | B24: 43101 | C24: 1 | D24: Company A | E24: 123 1st Street | F24: Seattle | G24: WA | H24: 99999 | I24: USA | J24: Nancy Freehafer | K24: North | N24: Anna Bedecs | O24: 123 1st Street | P24: Seattle | Q24: WA | R24: 99999 | S24: USA | U24: Coffee | V24: Beverages | W24: 46 | X24: 58 | Y24: 2668 | Z24: 269.468
A25: 1024 | B25: 43101 | C25: 1 | D25: Company A | E25: 123 1st Street | F25: Seattle | G25: WA | H25: 99999 | I25: USA | J25: Nancy Freehafer | K25: North | N25: Anna Bedecs | O25: 123 1st Street | P25: Seattle | Q25: WA | R25: 99999 | S25: USA | U25: Green Tea | V25: Beverages | W25: 2.99 | X25: 67 | Y25: 200.33 | Z25: 20.033
A26: 1025 | B26: 43128 | C26: 28 | D26: Company BB | E26: 789 28th Street | F26: Memphis | G26: TN | H26: 99999 | I26: USA | J26: Anne Larsen | K26: South | L26: 43130 | M26: Shipping Company C | N26: Amritansh Raghav | O26: 789 28th Street | P26: Memphis | Q26: TN | R26: 99999 | S26: USA | T26: Credit Card | U26: Clam Chowder | V26: Soups | W26: 9.65 | X26: 100 | Y26: 965 | Z26: 93.605
A27: 1026 | B27: 43128 | C27: 28 | D27: Company BB | E27: 789 28th Street | F27: Memphis | G27: TN | H27: 99999 | I27: USA | J27: Anne Larsen | K27: South | L27: 43130 | M27: Shipping Company C | N27: Amritansh Raghav | O27: 789 28th Street | P27: Memphis | Q27: TN | R27: 99999 | S27: USA | T27: Credit Card | U27: Crab Meat | V27: Canned Meat | W27: 18.4 | X27: 63 | Y27: 1159.2 | Z27: 114.7608
A28: 1027 | B28: 43109 | C28: 9 | D28: Company I | E28: 123 9th Street | F28: Salt Lake City | G28: UT | H28: 99999 | I28: USA | J28: Robert Zare | K28: West | L28: 43111 | M28: Shipping Company A | N28: Sven Mortensen | O28: 123 9th Street | P28: Salt Lake City | Q28: UT | R28: 99999 | S28: USA | T28: Check | U28: Ravioli | V28: Pasta | W28: 19.5 | X28: 57 | Y28: 1111.5 | Z28: 110.0385
A29: 1028 | B29: 43109 | C29: 9 | D29: Company I | E29: 123 9th Street | F29: Salt Lake City | G29: UT | H29: 99999 | I29: USA | J29: Robert Zare | K29: West | L29: 43111 | M29: Shipping Company A | N29: Sven Mortensen | O29: 123 9th Street | P29: Salt Lake City | Q29: UT | R29: 99999 | S29: USA | T29: Check | U29: Mozzarella | V29: Dairy Products | W29: 34.8 | X29: 81 | Y29: 2818.8 | Z29: 295.974
A30: 1029 | B30: 43106 | C30: 6 | D30: Company F | E30: 123 6th Street | F30: Milwaukee | G30: WI | H30: 99999 | I30: USA | J30: Michael Neipper | K30: North | L30: 43108 | M30: Shipping Company B | N30: Francisco Pérez-Olaeta | O30: 123 6th Street | P30: Milwaukee | Q30: WI | R30: 99999 | S30: USA | T30: Credit Card | U30: Beer | V30: Beverages | W30: 14 | X30: 71 | Y30: 994 | Z30: 95.424
A31: 1030 | B31: 43139 | C31: 8 | D31: Company H | E31: 123 8th Street | F31: Portland | G31: OR | H31: 99999 | I31: USA | J31: Nancy Freehafer | K31: North | L31: 43141 | M31: Shipping Company B | N31: Elizabeth Andersen | O31: 123 8th Street | P31: Portland | Q31: OR | R31: 99999 | S31: USA | T31: Check | U31: Curry Sauce | V31: Sauces | W31: 40 | X31: 32 | Y31: 1280 | Z31: 129.28
A32: 1031 | B32: 43134 | C32: 3 | D32: Company C | E32: 123 3rd Street | F32: Los Angelas | G32: CA | H32: 99999 | I32: USA | J32: Mariya Sergienko | K32: West | L32: 43136 | M32: Shipping Company B | N32: Thomas Axerr | O32: 123 3rd Street | P32: Los Angelas | Q32: CA | R32: 99999 | S32: USA | T32: Cash | U32: Syrup | V32: Condiments | W32: 10 | X32: 63 | Y32: 630 | Z32: 65.52
A33: 1032 | B33: 43134 | C33: 3 | D33: Company C | E33: 123 3rd Street | F33: Los Angelas | G33: CA | H33: 99999 | I33: USA | J33: Mariya Sergienko | K33: West | L33: 43136 | M33: Shipping Company B | N33: Thomas Axerr | O33: 123 3rd Street | P33: Los Angelas | Q33: CA | R33: 99999 | S33: USA | T33: Cash | U33: Curry Sauce | V33: Sauces | W33: 40 | X33: 30 | Y33: 1200 | Z33: 120
A34: 1033 | B34: 43137 | C34: 6 | D34: Company F | E34: 123 6th Street | F34: Milwaukee | G34: WI | H34: 99999 | I34: USA | J34: Michael Neipper | K34: North | L34: 43139 | M34: Shipping Company B | N34: Francisco Pérez-Olaeta | O34: 123 6th Street | P34: Milwaukee | Q34: WI | R34: 99999 | S34: USA | T34: Credit Card | Y34: 0 | Z34: 43
A35: 1034 | B35: 43159 | C35: 28 | D35: Company BB | E35: 789 28th Street | F35: Memphis | G35: TN | H35: 99999 | I35: USA | J35: Anne Larsen | K35: South | L35: 43161 | M35: Shipping Company C | N35: Amritansh Raghav | O35: 789 28th Street | P35: Memphis | Q35: TN | R35: 99999 | S35: USA | T35: Check | Y35: 0 | Z35: 31
A36: 1035 | B36: 43139 | C36: 8 | D36: Company H | E36: 123 8th Street | F36: Portland | G36: OR | H36: 99999 | I36: USA | J36: Nancy Freehafer | K36: North | L36: 43141 | M36: Shipping Company C | N36: Elizabeth Andersen | O36: 123 8th Street | P36: Portland | Q36: OR | R36: 99999 | S36: USA | T36: Check | Y36: 0 | Z36: 46
A37: 1036 | B37: 43141 | C37: 10 | D37: Company J | E37: 123 10th Street | F37: Chicago | G37: IL | H37: 99999 | I37: USA | J37: Laura Giussani | K37: East | L37: 43143 | M37: Shipping Company B | N37: Roland Wacker | O37: 123 10th Street | P37: Chicago | Q37: IL | R37: 99999 | S37: USA | T37: Credit Card | U37: Almonds | V37: Dried Fruit & Nuts | W37: 10 | X37: 47 | Y37: 470 | Z37: 48.88
A38: 1038 | B38: 43141 | C38: 10 | D38: Company J | E38: 123 10th Street | F38: Chicago | G38: IL | H38: 99999 | I38: USA | J38: Laura Giussani | K38: East | M38: Shipping Company A | N38: Roland Wacker | O38: 123 10th Street | P38: Chicago | Q38: IL | R38: 99999 | S38: USA | U38: Dried Plums | V38: Dried Fruit & Nuts | W38: 3.5 | X38: 49 | Y38: 171.5 | Z38: 16.464
A39: 1039 | B39: 43142 | C39: 11 | D39: Company K | E39: 123 11th Street | F39: Miami | G39: FL | H39: 99999 | I39: USA | J39: Anne Larsen | K39: South | M39: Shipping Company C | N39: Peter Krschne | O39: 123 11th Street | P39: Miami | Q39: FL | R39: 99999 | S39: USA | U39: Curry Sauce | V39: Sauces | W39: 40 | X39: 72 | Y39: 2880 | Z39: 285.12
A40: 1040 | B40: 43132 | C40: 1 | D40: Company A | E40: 123 1st Street | F40: Seattle | G40: WA | H40: 99999 | I40: USA | J40: Nancy Freehafer | K40: North | M40: Shipping Company C | N40: Anna Bedecs | O40: 123 1st Street | P40: Seattle | Q40: WA | R40: 99999 | S40: USA | U40: Crab Meat | V40: Canned Meat | W40: 18.4 | X40: 13 | Y40: 239.2 | Z40: 23.6808
A41: 1041 | B41: 43159 | C41: 28 | D41: Company BB | E41: 789 28th Street | F41: Memphis | G41: TN | H41: 99999 | I41: USA | J41: Anne Larsen | K41: South | L41: 41700 | M41: Shipping Company C | N41: Amritansh Raghav | O41: 789 28th Street | P41: Memphis | Q41: TN | R41: 99999 | S41: USA | T41: Credit Card | U41: Coffee | V41: Beverages | W41: 46 | X41: 32 | Y41: 1472 | Z41: 148.672
A42: 1042 | B42: 43140 | C42: 9 | D42: Company I | E42: 123 9th Street | F42: Salt Lake City | G42: UT | H42: 99999 | I42: USA | J42: Robert Zare | K42: West | L42: 43142 | M42: Shipping Company A | N42: Sven Mortensen | O42: 123 9th Street | P42: Salt Lake City | Q42: UT | R42: 99999 | S42: USA | T42: Check | U42: Clam Chowder | V42: Soups | W42: 9.65 | X42: 27 | Y42: 260.55 | Z42: 24.75225
A43: 1043 | B43: 43137 | C43: 6 | D43: Company F | E43: 123 6th Street | F43: Milwaukee | G43: WI | H43: 99999 | I43: USA | J43: Michael Neipper | K43: North | L43: 43139 | M43: Shipping Company B | N43: Francisco Pérez-Olaeta | O43: 123 6th Street | P43: Milwaukee | Q43: WI | R43: 99999 | S43: USA | T43: Credit Card | U43: Chocolate | V43: Candy | W43: 12.75 | X43: 71 | Y43: 905.25 | Z43: 91.43025
A44: 1044 | B44: 43139 | C44: 8 | D44: Company H | E44: 123 8th Street | F44: Portland | G44: OR | H44: 99999 | I44: USA | J44: Nancy Freehafer | K44: North | L44: 43141 | M44: Shipping Company B | N44: Elizabeth Andersen | O44: 123 8th Street | P44: Portland | Q44: OR | R44: 99999 | S44: USA | T44: Check | U44: Chocolate | V44: Candy | W44: 12.75 | X44: 13 | Y44: 165.75 | Z44: 15.74625
A45: 1045 | B45: 43156 | C45: 25 | D45: Company Y | E45: 789 25th Street | F45: Chicago | G45: IL | H45: 99999 | I45: USA | J45: Laura Giussani | K45: East | L45: 43158 | M45: Shipping Company A | N45: John Rodman | O45: 789 25th Street | P45: Chicago | Q45: IL | R45: 99999 | S45: USA | T45: Cash | U45: Cajun Seasoning | V45: Condiments | W45: 22 | X45: 98 | Y45: 2156 | Z45: 204.82
A46: 1046 | B46: 43157 | C46: 26 | D46: Company Z | E46: 789 26th Street | F46: Miami | G46: FL | H46: 99999 | I46: USA | J46: Anne Larsen | K46: South | L46: 43159 | M46: Shipping Company C | N46: Run Liu | O46: 789 26th Street | P46: Miami | Q46: FL | R46: 99999 | S46: USA | T46: Credit Card | U46: Boysenberry Spread | V46: Jams, Preserves | W46: 25 | X46: 21 | Y46: 525 | Z46: 53.55
A47: 1047 | B47: 43160 | C47: 29 | D47: Company CC | E47: 789 29th Street | F47: Denver | G47: CO | H47: 99999 | I47: USA | J47: Jan Kotas | K47: West | L47: 43162 | M47: Shipping Company B | N47: Soo Jung Lee | O47: 789 29th Street | P47: Denver | Q47: CO | R47: 99999 | S47: USA | T47: Check | U47: Fruit Cocktail | V47: Fruit & Veg | W47: 39 | X47: 26 | Y47: 1014 | Z47: 106.47
A48: 1048 | B48: 43137 | C48: 6 | D48: Company F | E48: 123 6th Street | F48: Milwaukee | G48: WI | H48: 99999 | I48: USA | J48: Michael Neipper | K48: North | L48: 43139 | M48: Shipping Company C | N48: Francisco Pérez-Olaeta | O48: 123 6th Street | P48: Milwaukee | Q48: WI | R48: 99999 | S48: USA | T48: Check | U48: Dried Pears | V48: Dried Fruit & Nuts | W48: 30 | X48: 96 | Y48: 2880 | Z48: 296.64
A49: 1049 | B49: 43137 | C49: 6 | D49: Company F | E49: 123 6th Street | F49: Milwaukee | G49: WI | H49: 99999 | I49: USA | J49: Michael Neipper | K49: North | L49: 43139 | M49: Shipping Company C | N49: Francisco Pérez-Olaeta | O49: 123 6th Street | P49: Milwaukee | Q49: WI | R49: 99999 | S49: USA | T49: Check | U49: Dried Apples | V49: Dried Fruit & Nuts | W49: 53 | X49: 16 | Y49: 848 | Z49: 88.192
A50: 1050 | B50: 43135 | C50: 4 | D50: Company D | E50: 123 4th Street | F50: New York | G50: NY | H50: 99999 | I50: USA | J50: Andrew Cencini | K50: East | N50: Christina Lee | O50: 123 4th Street | P50: New York | Q50: NY | R50: 99999 | S50: USA | U50: Gnocchi | V50: Pasta | W50: 38 | X50: 96 | Y50: 3648 | Z50: 346.56
A51: 1051 | B51: 43134 | C51: 3 | D51: Company C | E51: 123 3rd Street | F51: Los Angelas | G51: CA | H51: 99999 | I51: USA | J51: Mariya Sergienko | K51: West | N51: Thomas Axerr | O51: 123 3rd Street | P51: Los Angelas | Q51: CA | R51: 99999 | S51: USA | U51: Green Tea | V51: Beverages | W51: 2.99 | X51: 75 | Y51: 224.25 | Z51: 23.09775
A52: 1052 | B52: 43168 | C52: 9 | D52: Company I | E52: 123 9th Street | F52: Salt Lake City | G52: UT | H52: 99999 | I52: USA | J52: Robert Zare | K52: West | L52: 41709 | M52: Shipping Company A | N52: Sven Mortensen | O52: 123 9th Street | P52: Salt Lake City | Q52: UT | R52: 99999 | S52: USA | T52: Check | U52: Ravioli | V52: Pasta | W52: 19.5 | X52: 55 | Y52: 1072.5 | Z52: 108.3225
A53: 1053 | B53: 43168 | C53: 9 | D53: Company I | E53: 123 9th Street | F53: Salt Lake City | G53: UT | H53: 99999 | I53: USA | J53: Robert Zare | K53: West | L53: 43170 | M53: Shipping Company A | N53: Sven Mortensen | O53: 123 9th Street | P53: Salt Lake City | Q53: UT | R53: 99999 | S53: USA | T53: Check | U53: Mozzarella | V53: Dairy Products | W53: 34.8 | X53: 11 | Y53: 382.8 | Z53: 36.7488
A54: 1054 | B54: 43165 | C54: 6 | D54: Company F | E54: 123 6th Street | F54: Milwaukee | G54: WI | H54: 99999 | I54: USA | J54: Michael Neipper | K54: North | L54: 43167 | M54: Shipping Company B | N54: Francisco Pérez-Olaeta | O54: 123 6th Street | P54: Milwaukee | Q54: WI | R54: 99999 | S54: USA | T54: Credit Card | U54: Beer | V54: Beverages | W54: 14 | X54: 53 | Y54: 742 | Z54: 71.974
A55: 1055 | B55: 43167 | C55: 8 | D55: Company H | E55: 123 8th Street | F55: Portland | G55: OR | H55: 99999 | I55: USA | J55: Nancy Freehafer | K55: North | L55: 43169 | M55: Shipping Company B | N55: Elizabeth Andersen | O55: 123 8th Street | P55: Portland | Q55: OR | R55: 99999 | S55: USA | T55: Check | U55: Curry Sauce | V55: Sauces | W55: 40 | X55: 85 | Y55: 3400 | Z55: 357
A56: 1056 | B56: 43167 | C56: 8 | D56: Company H | E56: 123 8th Street | F56: Portland | G56: OR | H56: 99999 | I56: USA | J56: Nancy Freehafer | K56: North | L56: 43169 | M56: Shipping Company B | N56: Elizabeth Andersen | O56: 123 8th Street | P56: Portland | Q56: OR | R56: 99999 | S56: USA | T56: Check | U56: Chocolate Biscuits Mix | V56: Baked Goods & Mixes | W56: 9.2 | X56: 97 | Y56: 892.4 | Z56: 91.0248
A57: 1057 | B57: 43184 | C57: 25 | D57: Company Y | E57: 789 25th Street | F57: Chicago | G57: IL | H57: 99999 | I57: USA | J57: Laura Giussani | K57: East | L57: 43186 | M57: Shipping Company A | N57: John Rodman | O57: 789 25th Street | P57: Chicago | Q57: IL | R57: 99999 | S57: USA | T57: Cash | U57: Scones | V57: Baked Goods & Mixes | W57: 10 | X57: 46 | Y57: 460 | Z57: 46.46
A58: 1058 | B58: 43185 | C58: 26 | D58: Company Z | E58: 789 26th Street | F58: Miami | G58: FL | H58: 99999 | I58: USA | J58: Anne Larsen | K58: South | L58: 43187 | M58: Shipping Company C | N58: Run Liu | O58: 789 26th Street | P58: Miami | Q58: FL | R58: 99999 | S58: USA | T58: Credit Card | U58: Olive Oil | V58: Oil | W58: 21.35 | X58: 97 | Y58: 2070.95 | Z58: 196.74025
A59: 1059 | B59: 43185 | C59: 26 | D59: Company Z | E59: 789 26th Street | F59: Miami | G59: FL | H59: 99999 | I59: USA | J59: Anne Larsen | K59: South | L59: 43187 | M59: Shipping Company C | N59: Run Liu | O59: 789 26th Street | P59: Miami | Q59: FL | R59: 99999 | S59: USA | T59: Credit Card | U59: Clam Chowder | V59: Soups | W59: 9.65 | X59: 97 | Y59: 936.05 | Z59: 95.4771
A60: 1060 | B60: 43185 | C60: 26 | D60: Company Z | E60: 789 26th Street | F60: Miami | G60: FL | H60: 99999 | I60: USA | J60: Anne Larsen | K60: South | L60: 43187 | M60: Shipping Company C | N60: Run Liu | O60: 789 26th Street | P60: Miami | Q60: FL | R60: 99999 | S60: USA | T60: Credit Card | U60: Crab Meat | V60: Canned Meat | W60: 18.4 | X60: 65 | Y60: 1196 | Z60: 123.188
A61: 1061 | B61: 43188 | C61: 29 | D61: Company CC | E61: 789 29th Street | F61: Denver | G61: CO | H61: 99999 | I61: USA | J61: Jan Kotas | K61: West | L61: 43190 | M61: Shipping Company B | N61: Soo Jung Lee | O61: 789 29th Street | P61: Denver | Q61: CO | R61: 99999 | S61: USA | T61: Check | U61: Beer | V61: Beverages | W61: 14 | X61: 72 | Y61: 1008 | Z61: 100.8
A62: 1062 | B62: 43165 | C62: 6 | D62: Company F | E62: 123 6th Street | F62: Milwaukee | G62: WI | H62: 99999 | I62: USA | J62: Michael Neipper | K62: North | L62: 43167 | M62: Shipping Company C | N62: Francisco Pérez-Olaeta | O62: 123 6th Street | P62: Milwaukee | Q62: WI | R62: 99999 | S62: USA | T62: Check | U62: Chocolate | V62: Candy | W62: 12.75 | X62: 16 | Y62: 204 | Z62: 20.196
A63: 1064 | B63: 43163 | C63: 4 | D63: Company D | E63: 123 4th Street | F63: New York | G63: NY | H63: 99999 | I63: USA | J63: Andrew Cencini | K63: East | L63: 43165 | M63: Shipping Company A | N63: Christina Lee | O63: 123 4th Street | P63: New York | Q63: NY | R63: 99999 | S63: USA | T63: Credit Card | U63: Marmalade | V63: Jams, Preserves | W63: 81 | X63: 77 | Y63: 6237 | Z63: 642.411
... A68: 1075 | B68: 43169 | C68: 10 | D68: Company J | E68: 123 10th Street | F68: Chicago | G68: IL | H68: 99999 | I68: USA | J68: Laura Giussani | K68: East | L68: 43171 | M68: Shipping Company B | N68: Roland Wacker | O68: 123 10th Street | P68: Chicago | Q68: IL | R68: 99999 | S68: USA | T68: Credit Card | U68: Almonds | V68: Dried Fruit & Nuts | W68: 10 | X68: 55 | Y68: 550 | Z68: 55
A69: 1077 | B69: 43169 | C69: 10 | D69: Company J | E69: 123 10th Street | F69: Chicago | G69: IL | H69: 99999 | I69: USA | J69: Laura Giussani | K69: East | M69: Shipping Company A | N69: Roland Wacker | O69: 123 10th Street | P69: Chicago | Q69: IL | R69: 99999 | S69: USA | U69: Dried Plums | V69: Dried Fruit & Nuts | W69: 3.5 | X69: 21 | Y69: 73.5 | Z69: 7.35
A70: 1078 | B70: 43170 | C70: 11 | D70: Company K | E70: 123 11th Street | F70: Miami | G70: FL | H70: 99999 | I70: USA | J70: Anne Larsen | K70: South | M70: Shipping Company C | N70: Peter Krschne | O70: 123 11th Street | P70: Miami | Q70: FL | R70: 99999 | S70: USA | U70: Curry Sauce | V70: Sauces | W70: 40 | X70: 67 | Y70: 2680 | Z70: 270.68
A71: 1079 | B71: 43160 | C71: 1 | D71: Company A | E71: 123 1st Street | F71: Seattle | G71: WA | H71: 99999 | I71: USA | J71: Nancy Freehafer | K71: North | M71: Shipping Company C | N71: Anna Bedecs | O71: 123 1st Street | P71: Seattle | Q71: WA | R71: 99999 | S71: USA | U71: Crab Meat | V71: Canned Meat | W71: 18.4 | X71: 75 | Y71: 1380 | Z71: 138
A72: 1080 | B72: 43187 | C72: 28 | D72: Company BB | E72: 789 28th Street | F72: Memphis | G72: TN | H72: 99999 | I72: USA | J72: Anne Larsen | K72: South | L72: 43189 | M72: Shipping Company C | N72: Amritansh Raghav | O72: 789 28th Street | P72: Memphis | Q72: TN | R72: 99999 | S72: USA | T72: Credit Card | U72: Coffee | V72: Beverages | W72: 46 | X72: 17 | Y72: 782 | Z72: 80.546
A73: 1081 | B73: 43194 | C73: 4 | D73: Company D | E73: 123 4th Street | F73: New York | G73: NY | H73: 99999 | I73: USA | J73: Andrew Cencini | K73: East | L73: 43196 | M73: Shipping Company A | N73: Christina Lee | O73: 123 4th Street | P73: New York | Q73: NY | R73: 99999 | S73: USA | T73: Credit Card | U73: Dried Plums | V73: Dried Fruit & Nuts | W73: 3.5 | X73: 48 | Y73: 168 | Z73: 16.296
A74: 1082 | B74: 43202 | C74: 12 | D74: Company L | E74: 123 12th Street | F74: Las Vegas | G74: NV | H74: 99999 | I74: USA | J74: Mariya Sergienko | K74: West | L74: 43204 | M74: Shipping Company B | N74: John Edwards | O74: 123 12th Street | P74: Las Vegas | Q74: NV | R74: 99999 | S74: USA | T74: Credit Card | U74: Chai | V74: Beverages | W74: 18 | X74: 74 | Y74: 1332 | Z74: 137.196
A75: 1083 | B75: 43202 | C75: 12 | D75: Company L | E75: 123 12th Street | F75: Las Vegas | G75: NV | H75: 99999 | I75: USA | J75: Mariya Sergienko | K75: West | L75: 43204 | M75: Shipping Company B | N75: John Edwards | O75: 123 12th Street | P75: Las Vegas | Q75: NV | R75: 99999 | S75: USA | T75: Credit Card | U75: Coffee | V75: Beverages | W75: 46 | X75: 96 | Y75: 4416 | Z75: 428.352
A76: 1084 | B76: 43198 | C76: 8 | D76: Company H | E76: 123 8th Street | F76: Portland | G76: OR | H76: 99999 | I76: USA | J76: Nancy Freehafer | K76: North | L76: 43200 | M76: Shipping Company C | N76: Elizabeth Andersen | O76: 123 8th Street | P76: Portland | Q76: OR | R76: 99999 | S76: USA | T76: Credit Card | U76: Chocolate Biscuits Mix | V76: Baked Goods & Mixes | W76: 9.2 | X76: 12 | Y76: 110.4 | Z76: 11.3712
A77: 1085 | B77: 43194 | C77: 4 | D77: Company D | E77: 123 4th Street | F77: New York | G77: NY | H77: 99999 | I77: USA | J77: Andrew Cencini | K77: East | L77: 41735 | M77: Shipping Company C | N77: Christina Lee | O77: 123 4th Street | P77: New York | Q77: NY | R77: 99999 | S77: USA | T77: Check | U77: Chocolate Biscuits Mix | V77: Baked Goods & Mixes | W77: 9.2 | X77: 62 | Y77: 570.4 | Z77: 58.7512
A78: 1086 | B78: 43219 | C78: 29 | D78: Company CC | E78: 789 29th Street | F78: Denver | G78: CO | H78: 99999 | I78: USA | J78: Jan Kotas | K78: West | L78: 41760 | M78: Shipping Company B | N78: Soo Jung Lee | O78: 789 29th Street | P78: Denver | Q78: CO | R78: 99999 | S78: USA | T78: Check | U78: Chocolate | V78: Candy | W78: 12.75 | X78: 35 | Y78: 446.25 | Z78: 45.96375
A79: 1087 | B79: 43193 | C79: 3 | D79: Company C | E79: 123 3rd Street | F79: Los Angelas | G79: CA | H79: 99999 | I79: USA | J79: Mariya Sergienko | K79: West | L79: 41734 | M79: Shipping Company B | N79: Thomas Axerr | O79: 123 3rd Street | P79: Los Angelas | Q79: CA | R79: 99999 | S79: USA | T79: Cash | U79: Clam Chowder | V79: Soups | W79: 9.65 | X79: 95 | Y79: 916.75 | Z79: 91.675
A80: 1088 | B80: 43196 | C80: 6 | D80: Company F | E80: 123 6th Street | F80: Milwaukee | G80: WI | H80: 99999 | I80: USA | J80: Michael Neipper | K80: North | L80: 41737 | M80: Shipping Company B | N80: Francisco Pérez-Olaeta | O80: 123 6th Street | P80: Milwaukee | Q80: WI | R80: 99999 | S80: USA | T80: Credit Card | U80: Curry Sauce | V80: Sauces | W80: 40 | X80: 17 | Y80: 680 | Z80: 68.68
A81: 1089 | B81: 43218 | C81: 28 | D81: Company BB | E81: 789 28th Street | F81: Memphis | G81: TN | H81: 99999 | I81: USA | J81: Anne Larsen | K81: South | L81: 43220 | M81: Shipping Company C | N81: Amritansh Raghav | O81: 789 28th Street | P81: Memphis | Q81: TN | R81: 99999 | S81: USA | T81: Check | U81: Coffee | V81: Beverages | W81: 46 | X81: 96 | Y81: 4416 | Z81: 463.68
A82: 1090 | B82: 43198 | C82: 8 | D82: Company H | E82: 123 8th Street | F82: Portland | G82: OR | H82: 99999 | I82: USA | J82: Nancy Freehafer | K82: North | L82: 43200 | M82: Shipping Company C | N82: Elizabeth Andersen | O82: 123 8th Street | P82: Portland | Q82: OR | R82: 99999 | S82: USA | T82: Check | U82: Chocolate | V82: Candy | W82: 12.75 | X82: 83 | Y82: 1058.25 | Z82: 102.65025
A83: 1091 | B83: 43200 | C83: 10 | D83: Company J | E83: 123 10th Street | F83: Chicago | G83: IL | H83: 99999 | I83: USA | J83: Laura Giussani | K83: East | L83: 43202 | M83: Shipping Company B | N83: Roland Wacker | O83: 123 10th Street | P83: Chicago | Q83: IL | R83: 99999 | S83: USA | T83: Credit Card | U83: Green Tea | V83: Beverages | W83: 2.99 | X83: 88 | Y83: 263.12 | Z83: 26.04888
A84: 1092 | B84: 43197 | C84: 7 | D84: Company G | E84: 123 7th Street | F84: Boise | G84: ID | H84: 99999 | I84: USA | J84: Nancy Freehafer | K84: North | N84: Ming-Yang Xie | O84: 123 7th Street | P84: Boise | Q84: ID | R84: 99999 | S84: USA | U84: Coffee | V84: Beverages | W84: 46 | X84: 59 | Y84: 2714 | Z84: 284.97
A85: 1093 | B85: 43200 | C85: 10 | D85: Company J | E85: 123 10th Street | F85: Chicago | G85: IL | H85: 99999 | I85: USA | J85: Laura Giussani | K85: East | L85: 43202 | M85: Shipping Company A | N85: Roland Wacker | O85: 123 10th Street | P85: Chicago | Q85: IL | R85: 99999 | S85: USA | U85: Boysenberry Spread | V85: Jams, Preserves | W85: 25 | X85: 27 | Y85: 675 | Z85: 68.85
A86: 1094 | B86: 43200 | C86: 10 | D86: Company J | E86: 123 10th Street | F86: Chicago | G86: IL | H86: 99999 | I86: USA | J86: Laura Giussani | K86: East | L86: 43202 | M86: Shipping Company A | N86: Roland Wacker | O86: 123 10th Street | P86: Chicago | Q86: IL | R86: 99999 | S86: USA | U86: Cajun Seasoning | V86: Condiments | W86: 22 | X86: 37 | Y86: 814 | Z86: 85.47
A87: 1095 | B87: 43200 | C87: 10 | D87: Company J | E87: 123 10th Street | F87: Chicago | G87: IL | H87: 99999 | I87: USA | J87: Laura Giussani | K87: East | L87: 43202 | M87: Shipping Company A | N87: Roland Wacker | O87: 123 10th Street | P87: Chicago | Q87: IL | R87: 99999 | S87: USA | U87: Chocolate Biscuits Mix | V87: Baked Goods & Mixes | W87: 9.2 | X87: 75 | Y87: 690 | Z87: 69
A88: 1096 | B88: 43201 | C88: 11 | D88: Company K | E88: 123 11th Street | F88: Miami | G88: FL | H88: 99999 | I88: USA | J88: Anne Larsen | K88: South | M88: Shipping Company C | N88: Peter Krschne | O88: 123 11th Street | P88: Miami | Q88: FL | R88: 99999 | S88: USA | U88: Dried Plums | V88: Dried Fruit & Nuts | W88: 3.5 | X88: 71 | Y88: 248.5 | Z88: 24.1045
A89: 1097 | B89: 43201 | C89: 11 | D89: Company K | E89: 123 11th Street | F89: Miami | G89: FL | H89: 99999 | I89: USA | J89: Anne Larsen | K89: South | M89: Shipping Company C | N89: Peter Krschne | O89: 123 11th Street | P89: Miami | Q89: FL | R89: 99999 | S89: USA | U89: Green Tea | V89: Beverages | W89: 2.99 | X89: 88 | Y89: 263.12 | Z89: 26.04888
A90: 1098 | B90: 43191 | C90: 1 | D90: Company A | E90: 123 1st Street | F90: Seattle | G90: WA | H90: 99999 | I90: USA | J90: Nancy Freehafer | K90: North | N90: Anna Bedecs | O90: 123 1st Street | P90: Seattle | Q90: WA | R90: 99999 | S90: USA | U90: Chai | V90: Beverages | W90: 18 | X90: 55 | Y90: 990 | Z90: 97.02
A91: 1099 | B91: 43249 | C91: 29 | D91: Company CC | E91: 789 29th Street | F91: Denver | G91: CO | H91: 99999 | I91: USA | J91: Jan Kotas | K91: West | L91: 43251 | M91: Shipping Company B | N91: Soo Jung Lee | O91: 789 29th Street | P91: Denver | Q91: CO | R91: 99999 | S91: USA | T91: Check | U91: Chocolate | V91: Candy | W91: 12.75 | X91: 14 | Y91: 178.5 | Z91: 16.9575
A92: 1100 | B92: 43223 | C92: 3 | D92: Company C | E92: 123 3rd Street | F92: Los Angelas | G92: CA | H92: 99999 | I92: USA | J92: Mariya Sergienko | K92: West | L92: 43225 | M92: Shipping Company B | N92: Thomas Axerr | O92: 123 3rd Street | P92: Los Angelas | Q92: CA | R92: 99999 | S92: USA | T92: Cash | U92: Clam Chowder | V92: Soups | W92: 9.65 | X92: 43 | Y92: 414.95 | Z92: 42.3249
A93: 1101 | B93: 43226 | C93: 6 | D93: Company F | E93: 123 6th Street | F93: Milwaukee | G93: WI | H93: 99999 | I93: USA | J93: Michael Neipper | K93: North | L93: 41767 | M93: Shipping Company B | N93: Francisco Pérez-Olaeta | O93: 123 6th Street | P93: Milwaukee | Q93: WI | R93: 99999 | S93: USA | T93: Credit Card | U93: Curry Sauce | V93: Sauces | W93: 40 | X93: 63 | Y93: 2520 | Z93: 254.52
A94: 1102 | B94: 43248 | C94: 28 | D94: Company BB | E94: 789 28th Street | F94: Memphis | G94: TN | H94: 99999 | I94: USA | J94: Anne Larsen | K94: South | L94: 43250 | M94: Shipping Company C | N94: Amritansh Raghav | O94: 789 28th Street | P94: Memphis | Q94: TN | R94: 99999 | S94: USA | T94: Check | U94: Coffee | V94: Beverages | W94: 46 | X94: 36 | Y94: 1656 | Z94: 165.6
A95: 1103 | B95: 43228 | C95: 8 | D95: Company H | E95: 123 8th Street | F95: Portland | G95: OR | H95: 99999 | I95: USA | J95: Nancy Freehafer | K95: North | L95: 43230 | M95: Shipping Company C | N95: Elizabeth Andersen | O95: 123 8th Street | P95: Portland | Q95: OR | R95: 99999 | S95: USA | T95: Check | U95: Chocolate | V95: Candy | W95: 12.75 | X95: 41 | Y95: 522.75 | Z95: 54.366
A96: 1104 | B96: 43230 | C96: 10 | D96: Company J | E96: 123 10th Street | F96: Chicago | G96: IL | H96: 99999 | I96: USA | J96: Laura Giussani | K96: East | L96: 43232 | M96: Shipping Company B | N96: Roland Wacker | O96: 123 10th Street | P96: Chicago | Q96: IL | R96: 99999 | S96: USA | T96: Credit Card | U96: Green Tea | V96: Beverages | W96: 2.99 | X96: 35 | Y96: 104.65 | Z96: 10.2557
A97: 1105 | B97: 43227 | C97: 7 | D97: Company G | E97: 123 7th Street | F97: Boise | G97: ID | H97: 99999 | I97: USA | J97: Nancy Freehafer | K97: North | N97: Ming-Yang Xie | O97: 123 7th Street | P97: Boise | Q97: ID | R97: 99999 | S97: USA | U97: Coffee | V97: Beverages | W97: 46 | X97: 31 | Y97: 1426 | Z97: 136.896
A98: 1106 | B98: 43230 | C98: 10 | D98: Company J | E98: 123 10th Street | F98: Chicago | G98: IL | H98: 99999 | I98: USA | J98: Laura Giussani | K98: East | L98: 41771 | M98: Shipping Company A | N98: Roland Wacker | O98: 123 10th Street | P98: Chicago | Q98: IL | R98: 99999 | S98: USA | U98: Boysenberry Spread | V98: Jams, Preserves | W98: 25 | X98: 52 | Y98: 1300 | Z98: 123.5
A99: 1107 | B99: 43230 | C99: 10 | D99: Company J | E99: 123 10th Street | F99: Chicago | G99: IL | H99: 99999 | I99: USA | J99: Laura Giussani | K99: East | L99: 41771 | M99: Shipping Company A | N99: Roland Wacker | O99: 123 10th Street | P99: Chicago | Q99: IL | R99: 99999 | S99: USA | U99: Cajun Seasoning | V99: Condiments | W99: 22 | X99: 30 | Y99: 660 | Z99: 67.32
A100: 1108 | B100: 43230 | C100: 10 | D100: Company J | E100: 123 10th Street | F100: Chicago | G100: IL | H100: 99999 | I100: USA | J100: Laura Giussani | K100: East | L100: 43232 | M100: Shipping Company A | N100: Roland Wacker | O100: 123 10th Street | P100: Chicago | Q100: IL | R100: 99999 | S100: USA | U100: Chocolate Biscuits Mix | V100: Baked Goods & Mixes | W100: 9.2 | X100: 41 | Y100: 377.2 | Z100: 38.4744
A101: 1109 | B101: 43231 | C101: 11 | D101: Company K | E101: 123 11th Street | F101: Miami | G101: FL | H101: 99999 | I101: USA | J101: Anne Larsen | K101: South | M101: Shipping Company C | N101: Peter Krschne | O101: 123 11th Street | P101: Miami | Q101: FL | R101: 99999 | S101: USA | U101: Dried Plums | V101: Dried Fruit & Nuts | W101: 3.5 | X101: 44 | Y101: 154 | Z101: 15.246
A102: 1110 | B102: 43231 | C102: 11 | D102: Company K | E102: 123 11th Street | F102: Miami | G102: FL | H102: 99999 | I102: USA | J102: Anne Larsen | K102: South | M102: Shipping Company C | N102: Peter Krschne | O102: 123 11th Street | P102: Miami | Q102: FL | R102: 99999 | S102: USA | U102: Green Tea | V102: Beverages | W102: 2.99 | X102: 77 | Y102: 230.23 | Z102: 23.023
A103: 1111 | B103: 43221 | C103: 1 | D103: Company A | E103: 123 1st Street | F103: Seattle | G103: WA | H103: 99999 | I103: USA | J103: Nancy Freehafer | K103: North | N103: Anna Bedecs | O103: 123 1st Street | P103: Seattle | Q103: WA | R103: 99999 | S103: USA | U103: Chai | V103: Beverages | W103: 18 | X103: 29 | Y103: 522 | Z103: 52.722
A104: 1112 | B104: 43221 | C104: 1 | D104: Company A | E104: 123 1st Street | F104: Seattle | G104: WA | H104: 99999 | I104: USA | J104: Nancy Freehafer | K104: North | N104: Anna Bedecs | O104: 123 1st Street | P104: Seattle | Q104: WA | R104: 99999 | S104: USA | U104: Coffee | V104: Beverages | W104: 46 | X104: 77 | Y104: 3542 | Z104: 368.368
A105: 1113 | B105: 43221 | C105: 1 | D105: Company A | E105: 123 1st Street | F105: Seattle | G105: WA | H105: 99999 | I105: USA | J105: Nancy Freehafer | K105: North | N105: Anna Bedecs | O105: 123 1st Street | P105: Seattle | Q105: WA | R105: 99999 | S105: USA | U105: Green Tea | V105: Beverages | W105: 2.99 | X105: 73 | Y105: 218.27 | Z105: 21.827
A106: 1114 | B106: 43248 | C106: 28 | D106: Company BB | E106: 789 28th Street | F106: Memphis | G106: TN | H106: 99999 | I106: USA | J106: Anne Larsen | K106: South | L106: 41789 | M106: Shipping Company C | N106: Amritansh Raghav | O106: 789 28th Street | P106: Memphis | Q106: TN | R106: 99999 | S106: USA | T106: Credit Card | U106: Clam Chowder | V106: Soups | W106: 9.65 | X106: 74 | Y106: 714.1 | Z106: 67.8395
...
